 Dungeon Crawl Stone Soup version 0.20.0-15-g7f486f2 (webtiles) character file.

1389645 dvd the Conqueror (level 27, -6/278 (281) HPs)
             Began as a Minotaur Fighter on June 25, 2017.
             Was the Champion of Makhleb.
             Killed by a guardian mummy's death curse (26 damage)
             ... on level 17 of a ziggurat on June 26, 2017.
             The game lasted 09:10:25 (95060 turns).

dvd the Conqueror (Minotaur Fighter)               Turns: 95060, Time: 09:10:26

HP:   -6/278 (281)  AC: 50    Str: 30      XL:     27
MP:   0/44          EV: 28    Int: 11      God:    Makhleb [******]
Gold: 17916         SH: 37    Dex: 29 (30) Spells: 27/62 levels left

rFire    + + .     SeeInvis +   s - +14 obsidian axe {chop, +Fly SInv *Curse}
rCold    + + .     Gourm    .   F - +8 large shield {rC+}
rNeg     + + +     Faith    .   A - +12 crystal plate armour of Dim Light {+Inv rElec rN++ Dex-2}
rPois    +         Spirit   +   Q - -2 hat of the Alchemist {rElec rPois rF+ rC+ rN+ MR+ rMut rCorr}
rElec    +         Reflect  .   u - scarf {Spirit}
rCorr    +         Harm     .   M - +2 pair of gloves {Str+3}
rMut     +         Clarity  +   P - +2 pair of boots {Fly}
MR       +++++                  m - amulet of the Evil One {MR++ Regen+ Slay+2}
Stlth    ..........             S - ring "Wedisch" {*Drain rF+ Int+2 Dex+9 Stlth+}
Regen    1.0/turn               I - ring "Sougeolo" {+Fly Dex+6 Slay+2}
MPRegen  0.3/turn

@: lethally poisoned (-6 -> -8), aura of abjuration, flying, slowed, studying
Unarmed Combat, very slow
A: retaliatory headbutt, horns 2, rugged brown scales 1, clarity, clever 1,
deterioration 1, strong 1
}: 14/15 runes: decaying, slimy, silver, iron, obsidian, icy, bone, abyssal,
demonic, glowing, magical, fiery, dark, gossamer
a: Minor Destruction, Lesser Servant of Makhleb, Major Destruction, Greater
Servant of Makhleb, Renounce Religion, Evoke Invisibility, Stop Flying


You were on level 17 of a ziggurat.
You worshipped Makhleb.
Makhleb was exalted by your worship.
You were hungry.

You visited 18 branches of the dungeon, and saw 87 of its levels.
You visited Pandemonium 1 time, and saw 19 of its levels.
You visited the Abyss 4 times.
You visited 1 ziggurat, and saw 17 of its levels.
You also visited: Labyrinth, Trove, Ice Cave and Wizlab.

You collected 18551 gold pieces.
You spent 635 gold pieces at shops.

Inventory:

Hand Weapons
 a - the +10 broad axe "Nigov" {venom, MR+}
   (You found it in a treasure trove)

   It poisons the flesh of those it strikes.
   It affects your resistance to hostile enchantments.
 b - the +8 mithril axe "Arga" {speed, MR+}
   (You found it in a treasure trove)

   Attacks with this weapon are significantly faster.
   It affects your resistance to hostile enchantments.
 r - the +11 hunting sling of Hell's Wrath {velocity, Str+6 SInv}
   (You found it on level 15 of a ziggurat)

   Any stone fired from it inflicts extra damage.
   It affects your strength (+6).
   It lets you see invisible.
 s - the +14 obsidian axe (weapon) {chop, +Fly SInv *Curse}
   (You found it on level 2 of the Vaults)

   It inflicts extra damage upon your enemies.
   It lets you see invisible.
   It lets you fly.
   It curses itself when equipped.
Missiles
 t - 8 javelins of penetration
 B - 8 javelins of returning (quivered)
 U - 533 sling bullets
 W - 7 silver javelins
Armour
 o - the +0 pair of boots of the Princeling {*Slow rF+ Int+4}
   (You found it on level 15 of a ziggurat)

   It affects your intelligence (+4).
   It protects you from fire.
   It may slow you when you take damage.
 u - a scarf of spirit shield (worn)
 A - the +12 crystal plate armour of Dim Light (worn) {+Inv rElec rN++ Dex-2}
   (You found it in Pandemonium)

   It affects your dexterity (-2).
   It insulates you from electricity.
   It greatly protects you from negative energy.
   It lets you turn invisible.
 F - a +8 large shield of cold resistance (worn)
 M - a +2 pair of gloves of strength (worn)
 P - a +2 pair of boots of flying (worn)
 Q - the -2 hat of the Alchemist (worn) {rElec rPois rF+ rC+ rN+ MR+ rMut rCorr}
   (You acquired it on level 16 of a ziggurat)

   It protects you from fire.
   It protects you from cold.
   It insulates you from electricity.
   It protects you from poison.
   It protects you from negative energy.
   It affects your resistance to hostile enchantments.
   It protects you from acid and corrosion.
   It protects you from mutation.
Jewellery
 c - the ring of Harmony {EV+2 SInv}
   (You found it on level 10 of a ziggurat)

   [ring of evasion]

   It affects your evasion (+2).
   It lets you see invisible.
 d - the amulet "Unu Pant" {Gourm rElec rN+ Slay+3}
   (You found it on level 5 of the Abyss)

   [amulet of the gourmand]

   It allows you to eat raw meat even when not hungry.
   It affects your accuracy and damage with ranged weapons and melee attacks
   (+3).
   It insulates you from electricity.
   It protects you from negative energy.
 m - the amulet of the Evil One (around neck) {MR++ Regen+ Slay+2}
   (You found it in Pandemonium)

   [amulet of regeneration]

   It affects your accuracy and damage with ranged weapons and melee attacks
   (+2).
   It affects your resistance to hostile enchantments.
   It increases your rate of regeneration.
 z - the ring "Merecoege" {rElec EV+3 Str+3}
   (You found it on level 5 of the Pits of Slime)

   [ring of evasion]

   It affects your evasion (+3).
   It affects your strength (+3).
   It insulates you from electricity.
 C - the ring of the Forgotten Dreams {+Inv rElec rF+ Dex+5 Stlth-}
   (You found it on level 7 of Tartarus)

   [ring of dexterity]

   It affects your dexterity (+5).
   It protects you from fire.
   It insulates you from electricity.
   It lets you turn invisible.
   It makes you less stealthy.
 H - the ring "Gosan" {*Corrode rPois rF+ rN++}
   (You took it off a deep elf annihilator on level 3 of the Elven Halls)

   [ring of protection from fire]

   It protects you from fire.
   It protects you from poison.
   It greatly protects you from negative energy.
   It may corrode you when you take damage.
 I - the ring "Sougeolo" (right hand) {+Fly Dex+6 Slay+2}
   (You found it on level 8 of a ziggurat)

   [ring of flight]

   It affects your dexterity (+6).
   It affects your accuracy and damage with ranged weapons and melee attacks
   (+2).
   It lets you fly.
 R - an uncursed ring of resist corrosion
 S - the ring "Wedisch" (left hand) {*Drain rF+ Int+2 Dex+9 Stlth+}
   (You found it on level 15 of a ziggurat)

   [ring of protection from fire]

   It affects your intelligence (+2).
   It affects your dexterity (+9).
   It protects you from fire.
   It causes draining when unequipped.
   It makes you more stealthy.
 T - the ring "Soekyri" {rElec rC- Str+6 Int+3}
   (You found it in Pandemonium)

   [ring of strength]

   It affects your strength (+6).
   It affects your intelligence (+3).
   It makes you vulnerable to cold.
   It insulates you from electricity.
 V - the ring "Cemouj" {Fire rPois SInv}
   (You found it on level 7 of Tartarus)

   [ring of fire]

   It enhances your fire magic.
   It protects you from fire.
   It makes you vulnerable to cold.
   It protects you from poison.
   It lets you see invisible.
Wands
 L - a wand of digging (17/24)
Scrolls
 k - 32 scrolls of teleportation
 l - 6 scrolls of magic mapping
 n - 14 scrolls of identify
 y - 20 scrolls of immolation
 E - 10 scrolls of recharging
 O - 21 scrolls of remove curse
 X - 8 scrolls of fear
 Y - 7 scrolls of blinking
Potions
 e - 2 potions of might
 g - 9 potions of brilliance
 j - 13 potions of curing
 p - 5 potions of berserk rage
 q - 3 potions of heal wounds
 w - 3 potions of agility
 x - 7 potions of ambrosia
 D - a potion of cancellation
 G - a potion of magic
 K - 5 potions of haste
 Z - 5 potions of resistance
Books
 v - a manual of Unarmed Combat
Comestibles
 f - 52 bread rations
 h - 16 meat rations
 i - 17 chunks of flesh
 J - 46 fruits
 N - 10 royal jellies


   Skills:
 O Level 27 Fighting
 O Level 27 Axes
   Level 13.9(22.0) Maces & Flails
 - Level 17.6(19.1) Slings
 + Level 12.5(15.9) Throwing
 O Level 27 Armour
 + Level 23.2 Dodging
 - Level 12.1 Stealth
 O Level 27 Shields
 + Level 18.3 Spellcasting
 - Level 1.0 Conjurations
 + Level 13.8 Charms
 - Level 16.0 Summonings
 - Level 11.2 Necromancy
 - Level 12.6 Translocations
 * Level 10.4 Air Magic
 - Level 6.4 Invocations
 - Level 3.1 Evocations


You had 27 spell levels left.
You knew the following spells:

 Your Spells              Type           Power        Failure   Level  Hunger
a - Blink                 Tloc           N/A          1%          2    None
b - Apportation           Tloc           #####.       1%          1    None
c - Regeneration          Chrm/Necr      #####.....   1%          3    None
d - Deflect Missiles      Chrm/Air       #####.....   28%         6    ######.
e - Aura of Abjuration    Summ           #####.....   1%          5    ####...
f - Force Lance           Conj/Tloc      ####....     17%         4    ##.....
g - Summon Demon          Summ           #####.....   1%          5    ####...
h - Control Undead        Necr           ####......   2%          4    ##.....
i - Shroud of Golubria    Chrm/Tloc      #####.....   1%          2    None
j - Recall                Summ/Tloc      N/A          1%          3    None


Dungeon Overview and Level Annotations

Branches:
Dungeon (15/15)            Temple (1/1) D:7            Lair (6/6) D:10
  Swamp (4/4) Lair:4       Spider (4/4) Lair:2        Slime (5/5) Lair:6
    Orc (2/2) D:12            Elf (3/3) Orc:2        Vaults (5/5) D:14
  Crypt (3/3) Vaults:2       Tomb (1/3) Crypt:3      Depths (5/5) D:15
   Hell (1/1)                 Dis (7/7) Hell            Geh (7/7) Hell
    Coc (7/7) Hell            Tar (7/7) Hell            Zot (4/5) Depths:5

Altars:
Ashenzari
Cheibriados
Dithmenos
Elyvilon
Fedhas
Gozag
Hepliaklqana
Kikubaaqudgha
Makhleb
Nemelex Xobeh
Okawaru
Qazlal
Ru
Sif Muna
Trog
Uskayaw
Vehumet
Xom
Yredelemnul
Zin
The Shining One
Beogh
Jiyva

Shops:
D:6 :   Orc:2 [!%}   Elf:3 *   Vaults:1 [   Vaults:2 *   Vaults:3 [
Depths:1 %(

Portals:
Hell: Depths:1 Depths:2 Depths:3 Depths:4 Depths:5
Abyss: Depths:3 Depths:4 Depths:5
Pandemonium: Depths:3

Annotations:
D:11 1 runed door


Innate Abilities, Weirdness & Mutations

You reflexively headbutt those who attack you in melee.
You have a pair of horns on your head.
You are partially covered in rugged brown scales. (AC +1, +3% HP)
You possess an exceptional clarity of mind.
Your mind is acute. (Int +2)
Your body sometimes deteriorates upon taking damage.
Your muscles are strong. (Str +2)


Message History

The flayed ghost shudders.
The shadow dragon zombie disappears in a puff of smoke!
The emperor scorpion disappears in a puff of smoke!
The wight shudders.
The titan simulacrum shudders.
The quicksilver dragon zombie shudders.
You are no longer entranced.
The emperor scorpion disappears in a puff of smoke!
You feel sick.
Your death scarab bites the greater mummy!!
Your death scarab drains the greater mummy's vigour!
The greater mummy seems to slow down.
Your death scarab bites the ushabti!!
Your death scarab drains the ushabti's vigour!
The ushabti seems to slow down.
You block the death scarab's attack. Something claws your guardian mummy!!
Your guardian mummy is destroyed!
Makhleb accepts your kill.
You feel better.
You feel extremely nervous for a moment...
You convulse helplessly as pain tears through your body!
You die...

.................
.......................▓
........................
........................
........#.....#...§.....
................§..§8.!M
................48MZ8ZM|
................s§ZM.Z?§
................@L8..M[M
...............§MsMM8z})
................8Z§W..$)
................n..WMZ|[
........#.....#.....§...
........................
........................
.......................▓


You could see 4 greater mummies, a lich, 2 mummy priests, a flayed ghost, 6
ushabtiu, a death scarab, a wight, a titan simulacrum, a quicksilver dragon
zombie, a juggernaut skeleton, a friendly hellwing, 2 friendly guardian mummies,
a friendly death scarab, a friendly necrophage, 2 friendly mummies, a friendly
deep elf death mage zombie, a friendly iron dragon skeleton and a friendly tengu
reaver skeleton.

Vanquished Creatures
  Cerebov (Pan)
  Antaeus (Coc:7)
  Asmodeus (Geh:7)
  the Royal Jelly (Slime:5)
  11 pandemonium lords
  Gloorx Vloq (Pan)
  Ereshkigal (Tar:7)
  the Serpent of Hell (Tar:7)
  Mnoleg (Pan)
  Lom Lobon (Pan)
  Dispater (Dis:7)
  2 orbs of fire
  The ghost of PeterLawrence the Conqueror, a legendary MiFi of the Shining One (Zig:10)
  3 ancient liches
  Mennas (Pan)
  2 juggernauts (Depths:4)
  3 greater mummies (Tomb:1)
  Xtahua (Depths:5)
  4 Killer Klowns
  12 shard shrikes
  Geryon (Hell)
  11 golden dragons
  Jory (Depths:3)
  A profane servitor (Abyss:5)
  6 doom hounds
  17 bone dragons
  40 Tzitzimimeh
  5 iron giants (Dis:7)
  Jorgrun (Tomb:1)
  18 Brimstone Fiends
  2 hellephants
  8 liches
  23 Hell Sentinels
  4 electric golems
  13 tentacled monstrosities
  12 Ice Fiends
  The ghost of Fingolfin the Geomancer, an adept NaFE of Vehumet (Spider:3)
  Rupert (Spider:1)
  9 deep elf blademasters
  24 acid blobs
  22 titans
  8 quicksilver dragons
  4 death cobs
  7 deep elf master archers
  5 eldritch tentacles
  The ghost of Ferkelamun the Severer, an adept FoFi of Cheibriados (Swamp:4)
  Frances (D:13)
  28 tentacled starspawn
  16 storm dragons
  14 sphinxes
  45 Executioners
  9 ancient champions
  Kirke (Swamp:2)
  Roxanne (Swamp:3)
  18 shadow dragons
  2 tengu reavers (Depths:4)
  5 thorn hunters
  21 azure jellies
  3 revenants
  14 fire giants
  A daeva (Zig:14)
  6 draconian monks
  5 draconian knights
  14 nagarajas
  A frost giant (shapeshifter) (Zig:9)
  5 iron dragons (Dis:7)
  13 deep elf sorcerers
  15 frost giants
  6 draconian scorchers
  2 emperor scorpions (Spider:4)
  37 balrugs
  21 vault wardens
  A juggernaut zombie (Crypt:2)
  25 cacodemons
  An orc warlord (D:13)
  16 warmongers (Pan)
  5 draconian stormcallers
  15 corrupters
  3 curse skulls
  Louise (Swamp:3)
  14 ghost moths
  Aizul (Spider:3)
  110 large abominations
  8 draconian shifters
  10 draconian annihilators
  6 deep elf elementalists
  2 elemental wellsprings (Coc:7)
  76 reapers
  6 war gargoyles
  24 very ugly things
  6 entropy weavers
  17 ironheart preservers
  13 vampire knights
  4 blood saints (Pan)
  11 deep elf demonologists
  5 black suns (Pan)
  31 stone giants
  Nessos (Orc:2)
  4 bennus
  13 lorocyprocas
  16 black draconians
  7 green draconians
  7 yellow draconians
  23 purple draconians
  A dire elephant (D:15)
  Azrael (Spider:1)
  10 red draconians
  4 orange crystal statues
  9 white draconians
  9 deep elf annihilators
  15 spark wasps
  The ghost of Gekot the Fighter, a journeyman GrFi of Okawaru (Orc:2)
  The ghost of systemy the Severer, a journeyman MiBe of Trog (D:13)
  11 deep elf death magi
  3 eidola
  16 ettins
  25 blizzard demons
  12 mummy priests
  16 green deaths
  7 death oozes
  Josephine (Spider:1)
  9 quicksilver dragon zombies
  A minotaur (Lab)
  27 ice dragons
  9 fire dragons
  A kraken zombie (Hell)
  4 deep elf high priests
  3 quicksilver dragon skeletons
  A spectral kraken (Tar:7)
  9 jiangshi
  36 vault guards
  A great orb of eyes (shapeshifter) (Depths:1)
  19 hydras
  16 monstrous demonspawn (Pan)
  5 naga warriors
  15 yaktaur captains
  7 rakshasas
  12 great orbs of eyes
  12 spriggan air magi
  4 anacondas
  4 hell beasts
  11 centaur warriors
  3 ghost crabs (Tar:7)
  16 ogre magi
  48 two-headed ogres
  28 dancing weapons
  2 death knights
  3 alligators
  A satyr (Abyss:3)
  9 deep troll shamans
  8 deep troll earth magi
  9 tengu warriors
  7 death scarabs
  54 sun demons
  30 hell hogs
  6 orc high priests
  2 naga sharpshooters (Zig:15)
  6 vampire magi
  44 thrashing horrors
  A spriggan berserker (Swamp:4)
  12 shock serpents
  2 iron golems (Hell)
  7 titan skeletons
  61 soul eaters
  6 titan zombies
  A fire crab (shapeshifter) (Vaults:2)
  10 iron trolls
  35 hell knights
  27 wretched stars
  31 deep elf knights
  31 sixfirhies
  A death drake (shapeshifter) (Vaults:5)
  3 golden dragon zombies
  20 shadow wraiths
  6 glowing orange brains
  2 unseen horrors (shapeshifter)
  12 infernal demonspawn (Pan)
  6 storm dragon zombies
  4 death drakes
  29 shadow demons
  14 anaconda zombies
  A fire crab (Lair:6)
  66 skeletal warriors
  5 unseen horrors
  2 naga ritualists (Zig:15)
  A quicksilver dragon simulacrum (Crypt:1)
  16 deep trolls
  19 flayed ghosts
  A ghost moth zombie (Coc:7)
  11 spatial maelstroms
  19 phantasmal warriors
  8 swamp dragons
  A spectral hydra (Depths:2)
  A lindwurm (Lair:6)
  5 shambling mangroves
  2 spriggan druids (Swamp:3)
  15 gelid demonspawn (Pan)
  14 ironbrand convokers
  101 starcursed masses
  A lindwurm (shapeshifter) (Depths:4)
  5 torturous demonspawn (Pan)
  10 golden dragon skeletons
  12 wizards
  28 deep elf archers
  7 anaconda skeletons
  3 shadow dragon zombies
  75 deep elf magi
  6 necromancers
  21 orb spiders
  27 orc knights
  A statue (Abyss:5)
  3 shadow dragon skeletons
  2 mana vipers (shapeshifter)
  2 wolf spider zombies
  4 harpies (Vaults:2)
  A shining eye (shapeshifter) (Vaults:5)
  61 ugly things
  3 iron dragon zombies
  4 manticores
  16 oklob plants
  25 moths of wrath
  3 orc sorcerers
  6 shining eyes
  5 mana vipers
  35 wolf spiders
  2 human zombies
  9 stone giant zombies
  3 worldbinders
  5 fire giant zombies
  4 frost giant zombies
  6 cyclopes
  A salamander (D:15)
  A sphinx skeleton (Depths:1)
  A toenail golem (Pan)
  A manticore (shapeshifter) (Depths:4)
  A merfolk siren (Zig:1)
  A guardian serpent (shapeshifter) (Elf:1)
  2 naga magi (Zig:15)
  An elephant (Lair:2)
  5 guardian serpents
  2 frost giant skeletons
  5 ice statues
  6 dire elephant zombies
  71 smoke demons
  5 fire giant skeletons
  A water nymph (Zig:1)
  15 black mambas
  27 rust devils
  21 vault sentinels
  4 eyes of devastation
  6 stone giant skeletons
  8 apocalypse crabs
  7 molten gargoyles (Geh:7)
  An eye of devastation (shapeshifter) (Depths:4)
  31 orange demons
  3 torpor snails
  A spiny frog (shapeshifter) (Vaults:4)
  2 shock serpent skeletons
  8 spectral swamp worms (Tar:7)
  2 storm dragon simulacra
  4 emperor scorpion zombies
  A catoblepas zombie (Geh:2)
  53 freezing wraiths
  13 spiny frogs
  A spriggan zombie (Zig:6)
  A grey draconian zombie (Crypt:2)
  34 hellions
  6 kobold demonologists
  11 gargoyles
  47 ice devils
  2 rime drakes
  16 efreet
  50 yaktaurs
  A rime drake (shapeshifter) (Vaults:2)
  31 demonic crawlers
  3 golden dragon simulacra (IceCv)
  22 hellwings
  A dire elephant skeleton (Coc:4)
  32 tormentors
  2 white draconian skeletons
  2 spectral merfolk (Depths:2)
  13 komodo dragons
  6 anaconda simulacra
  18 ancient zymes
  13 guardian mummies
  A minotaur zombie (Crypt:1)
  7 tengu conjurers
  A black draconian skeleton (Crypt:1)
  3 harpy zombies
  8 trolls
  47 jumping spiders
  16 hydra zombies
  A meliai (shapeshifter) (D:13)
  4 silent spectres
  7 polar bears
  56 red devils
  A wolf spider simulacrum (IceCv)
  A polar bear (shapeshifter) (Vaults:1)
  107 slime creatures
  A hornet (shapeshifter) (D:11)
  35 hornets
  2 blink frogs (shapeshifter)
  59 raiju
  2 meliai zombies (Crypt:2)
  2 iron dragon simulacra (Crypt:1)
  8 tyrant leeches
  3 fire dragon zombies
  26 bog bodies
  3 harpy skeletons
  10 hippogriffs
  4 ettin zombies
  6 alligator zombies
  4 blink frogs (Abyss:4)
  5 hydra skeletons
  4 dream sheep
  A hippogriff (shapeshifter) (Zig:14)
  A fire giant simulacrum (Crypt:1)
  21 small abominations
  An alligator skeleton (Coc:7)
  A black mamba zombie (Tar:2)
  5 ettin skeletons
  7 fire dragon skeletons
  3 frost giant simulacra
  77 flying skulls
  2 dire elephant simulacra (IceCv)
  Sigmund (D:4)
  A redback (shapeshifter) (Vaults:4)
  3 ice dragon zombies
  27 shadows
  11 vampires
  An elf zombie (Zig:17)
  3 wyverns
  79 redbacks
  21 air elementals
  18 water elementals
  29 wraiths
  35 ynoxinuls
  2 ice dragon skeletons
  26 spriggans
  5 ushabtiu (Tomb:1)
  A hog (shapeshifter) (Depths:4)
  38 tarantellas
  3 hogs (Swamp:2)
  A human (Swamp:2)
  20 yaks
  6 hungry ghosts
  A black mamba skeleton (Crypt:2)
  33 neqoxecs
  26 fire elementals
  3 fire bats (Abyss:5)
  6 basilisks
  5 golden eyes
  47 chaos spawn
  16 vampire mosquitoes
  A gelid demonspawn zombie (Dis:3)
  2 human simulacra
  5 harpy simulacra (IceCv)
  7 spatial vortices
  8 wargs
  A monstrous demonspawn zombie (Crypt:2)
  A soldier ant (shapeshifter) (Vaults:4)
  2 yaktaur simulacra
  5 nagas
  An acid dragon (shapeshifter) (Depths:4)
  28 insubstantial wisps
  An acid dragon (Vaults:1)
  4 hydra simulacra
  11 water moccasins
  2 soldier ants
  2 iron troll simulacra (IceCv)
  24 swamp worms
  A floating eye (Depths:2)
  A floating eye (shapeshifter) (Vaults:4)
  A spectral spriggan (Depths:2)
  2 spiny frog skeletons
  A merfolk skeleton (Geh:7)
  52 hell hounds
  7 porcupines
  A spectral troll (Depths:2)
  19 swamp drakes
  4 sky beasts
  5 spiny frog zombies
  2 fire dragon simulacra (Crypt:1)
  10 black bears
  A hornet zombie (D:6)
  4 manticore zombies
  61 orc warriors
  An ice dragon simulacrum (Crypt:1)
  9 phantoms
  4 snapping turtle zombies
  3 alligator simulacra (Coc:7)
  6 ice beasts
  3 swamp dragon zombies
  13 boggarts
  3 ettin simulacra
  21 eyes of draining
  31 wolves
  An eye of draining (shapeshifter) (Elf:1)
  A centaur (shapeshifter) (Depths:1)
  51 ogres
  A black mamba simulacrum (Crypt:1)
  10 necrophages
  3 snapping turtle skeletons
  An elephant zombie (Crypt:1)
  3 swamp dragon skeletons
  A manticore skeleton (Tar:7)
  15 centaurs
  14 crocodiles
  7 big kobolds
  24 bullfrogs
  A salamander zombie (Crypt:1)
  2 human skeletons
  A wyvern zombie (D:7)
  5 earth elementals
  A water moccasin zombie (Crypt:2)
  2 wyvern skeletons
  8 scorpions
  A cyclops skeleton (Crypt:2)
  56 wights
  2 spectral nagas (Depths:2)
  A manticore simulacrum (Crypt:1)
  6 killer bees (D:8)
  A swamp dragon simulacrum (Crypt:1)
  A vampire bat (Abyss:3)
  A spriggan skeleton (Geh:7)
  5 howler monkeys
  A spectral centaur (Depths:2)
  12 crimson imps
  3 draconian simulacra (IceCv)
  A bullfrog zombie (D:11)
  4 centaur zombies
  A quasit (Pan)
  A bullfrog skeleton (D:6)
  5 hounds
  25 jellies
  29 orc wizards
  10 centaur skeletons
  A gnoll shaman (D:4)
  15 iron imps
  35 orc priests
  Terence (D:1)
  5 iguanas
  8 worker ants
  A lightning spire (Zig:4)
  2 spriggan simulacra
  A killer bee zombie (D:10)
  7 troll simulacra
  An acid dragon zombie (Crypt:1)
  An ogre zombie (Dis:7)
  A centaur simulacrum (IceCv)
  3 hound skeletons
  A hound zombie (D:11)
  28 mummies
  2 worker ant zombies
  4 gnolls (D:4)
  A naga simulacrum (IceCv)
  14 adders
  2 howler monkey skeletons
  A tengu simulacrum (Abyss:5)
  2 ogre simulacra
  10 shadow imps
  14 white imps
  11 ufetubi
  20 oozes
  A worm zombie (Crypt:1)
  A worm (D:6)
  4 ball lightnings (Pan)
  A dart slug (D:2)
  2 leopard geckos
  129 orcs
  2 ball pythons
  12 bats
  5 giant cockroaches
  5 hobgoblins
  8 jackals
  27 kobolds
  5 quokkas
  8 frilled lizards
  9 goblins
  A goblin zombie (Crypt:1)
  A jackal skeleton (D:4)
  An orc skeleton (Geh:6)
  An orc zombie (Tar:7)
  A quokka skeleton (Crypt:1)
  8 rats
  9 bushes (Zot:1)
  3 crawling corpses
  4 fire vortices
  19 fungi
  A lurking horror (Abyss:3)
  15 plants
  27 starspawn tentacles
  3 tentacles
  A withered plant (Crypt:3)
5548 creatures vanquished.

Vanquished Creatures (collateral kills)
  A greater mummy (Tomb:1)
  A shard shrike (Coc:7)
  A Brimstone Fiend (Dis:7)
  2 Tzitzimimeh (Tar:7)
  A bone dragon (Coc:7)
  3 doom hounds (Tar:7)
  2 tentacled monstrosities
  2 Ice Fiends (Coc:7)
  2 titans
  3 acid blobs
  2 liches
  2 quicksilver dragons (Zot:2)
  2 death cobs (Zot:4)
  2 sphinxes
  4 tentacled starspawn
  2 shadow dragons
  An ancient champion (Dis:7)
  An azure jelly (Slime:5)
  A nagaraja (Zig:15)
  A cacodemon (Dis:7)
  6 fire giants
  2 draconian shifters
  A balrug (Geh:7)
  A curse skull (Zig:7)
  3 frost giants
  3 iron dragons (Dis:7)
  2 very ugly things (Abyss:5)
  An ironheart preserver (Vaults:5)
  2 draconian stormcallers
  A draconian annihilator (Zig:14)
  7 reapers
  3 vampire knights
  2 stone giants
  A green draconian (Zot:4)
  A deep elf demonologist (Vaults:5)
  2 black draconians
  18 slime creatures
  A red draconian (Zot:1)
  3 purple draconians
  A yellow draconian (Zot:1)
  2 ettins
  3 eidola
  A death ooze (Slime:5)
  A quicksilver dragon zombie (Crypt:3)
  A great orb of eyes (Slime:4)
  5 ice dragons
  2 naga warriors (Zig:12)
  A rakshasa (Depths:1)
  4 vault guards
  An anaconda (Zig:15)
  4 ogre magi
  6 two-headed ogres
  4 hell hogs
  3 titan zombies
  A vampire mage (Crypt:3)
  A deep troll earth mage (Depths:4)
  A tengu warrior (Depths:2)
  A spriggan berserker (Depths:2)
  2 naga sharpshooters
  3 thrashing horrors
  A shock serpent (shapeshifter) (Depths:3)
  A shock serpent (Zig:15)
  3 deep elf knights
  3 sun demons
  5 soul eaters
  A wretched star (Abyss:5)
  A titan skeleton (Tar:7)
  A storm dragon zombie (Vaults:4)
  3 hell knights
  8 skeletal warriors
  A sixfirhy (Abyss:5)
  2 anaconda zombies
  A flayed ghost (Crypt:3)
  3 glowing orange brains (Depths:2)
  2 wizards
  A shadow demon (Tar:7)
  2 necromancers
  A sphinx zombie (Vaults:4)
  An iron dragon zombie (Dis:7)
  A naga ritualist (Zig:12)
  6 phantasmal warriors
  A shadow dragon skeleton (Coc:7)
  4 deep elf archers
  An ironbrand convoker (Vaults:4)
  A wolf spider zombie (Geh:7)
  3 orb spiders
  2 shining eyes
  A mana viper (Zig:12)
  A fire giant zombie (Dis:3)
  A tengu skeleton (Vaults:4)
  7 oklob plants
  A deep elf mage (Crypt:3)
  2 ugly things (Vaults:3)
  3 moths of wrath
  A wolf spider (Zig:11)
  2 frost giant zombies
  A stone giant zombie (Geh:2)
  A rust devil (Dis:7)
  An elephant (shapeshifter) (Vaults:5)
  A titan simulacrum (Crypt:1)
  2 fire giant skeletons
  A black mamba (Zig:15)
  2 stone giant skeletons
  5 smoke demons
  2 iron dragon skeletons
  2 vault sentinels
  A frost giant skeleton (Geh:5)
  2 spectral swamp worms (Tar:7)
  A naga mage (Zig:15)
  A shock serpent skeleton (Tar:7)
  A catoblepas zombie (Tar:7)
  An efreet (Geh:6)
  A molten gargoyle (Geh:7)
  A storm dragon simulacrum (Crypt:1)
  2 ice devils (Coc:7)
  3 freezing wraiths
  A demonic crawler (Zig:11)
  4 hellions
  4 tormentors
  A yaktaur (Vaults:5)
  A spectral merfolk (Depths:2)
  A hellwing (Abyss:5)
  3 red devils
  3 ancient zymes
  4 hydra zombies
  A meliai (shapeshifter) (Depths:3)
  7 raiju
  2 fire dragon zombies
  A bog body (Coc:7)
  A frost giant simulacrum (Crypt:1)
  A satyr zombie (Crypt:2)
  An ice dragon zombie (Tar:5)
  2 ettin zombies
  17 flying skulls
  A black mamba zombie (Tar:7)
  A tarantella (Zot:1)
  A redback (Zig:11)
  A shadow (Depths:2)
  A spriggan (Depths:2)
  6 fire elementals
  A vampire (Crypt:3)
  A golden eye (Slime:5)
  2 wraiths
  2 hungry ghosts (Crypt:3)
  A neqoxec (Zig:8)
  3 large abominations
  4 insubstantial wisps (Zig:16)
  3 nagas (Zig:15)
  A spatial vortex (Abyss:5)
  A water moccasin (shapeshifter) (Zig:14)
  2 spiny frog zombies
  6 hell hounds
  A spectral spriggan (Depths:2)
  A snapping turtle zombie (Dis:7)
  A spiny frog skeleton (Coc:6)
  8 starcursed masses
  2 ogres
  An eye of draining (Zig:10)
  A phantom (Geh:7)
  2 boggarts (Depths:4)
  A spiny frog simulacrum (Coc:7)
  A small abomination (Abyss:4)
  A snapping turtle simulacrum (Crypt:1)
  9 wights
  A crimson imp (Geh:7)
  An iron imp (Dis:3)
  A human simulacrum (Coc:7)
  An ogre skeleton (Tar:7)
  6 mummies
  A shadow imp (Tar:7)
  An orc (Vaults:4)
  6 bushes (Zot:1)
  5 plants
  2 starspawn tentacles (Abyss:5)
402 creatures vanquished.

Vanquished Creatures (others)
  A shard shrike (Coc:7)
  Nikola (Spider:1)
  An eldritch tentacle (Pan)
  A frost giant (Vaults:5)
  An ironheart preserver (Vaults:5)
  A rakshasa (Depths:1)
  An ice dragon (Coc:7)
  A quicksilver dragon skeleton (Geh:7)
  2 vault guards (Vaults:5)
  2 hell hogs
  A deep elf knight (Elf:1)
  A shadow demon (Pan)
  A wolf spider (Spider:4)
  2 deep elf magi
  A hellion (Geh:7)
  A demonic crawler (Abyss:5)
  A red devil (Pan)
  3 large abominations (Abyss:5)
  A raiju (Abyss:5)
  A blink frog (Abyss:4)
  A human (Swamp:2)
  A redback (Spider:1)
  A wraith (Geh:7)
  2 shadows (Swamp:4)
  A water elemental (Depths:3)
  A vampire (Depths:2)
  3 golden eyes (Abyss:5)
  A neqoxec (Pan)
  A vampire mosquito (Swamp:1)
  A chaos spawn (Pan)
  A hydra simulacrum (Depths:2)
  2 wolves (Lair:6)
  5 small abominations
  3 wights (Geh:3)
  A starcursed mass (Abyss:5)
  A mummy (Zig:17)
  A white imp (Abyss:3)
  5 ball lightnings (Pan)
  3 orcs
  7 bushes (Zot:1)
  17 fungi
  3 lurking horrors
  10 plants
  57 starspawn tentacles
  10 tentacles
  25 withered plants (Crypt:3)
189 creatures vanquished.

Grand Total: 6139 creatures vanquished

Notes
Turn   | Place    | Note
-------+----------+-------------------------------------------
     0 | D:1      | dvd the Minotaur Fighter began the quest for the Orb.
     0 | D:1      | Reached XP level 1. HP: 19/19 MP: 0/0
    76 | D:1      | Reached XP level 2. HP: 27/27 MP: 1/1
   380 | D:1      | Found an iron altar of Okawaru.
   387 | D:1      | Reached XP level 3. HP: 18/33 MP: 2/2
   399 | D:1      | Became a worshipper of Warmaster Okawaru
   826 | D:2      | Noticed Terence
   845 | D:1      | Killed Terence
   845 | D:1      | Reached XP level 4. HP: 12/40 MP: 3/3
  1317 | D:3      | Reached skill level 1 in Dodging
  1668 | D:3      | Found a faded altar of an unknown god.
  1775 | D:4      | Reached XP level 5. HP: 46/46 MP: 4/4
  1839 | D:4      | Noticed Sigmund
  1845 | D:4      | Killed Sigmund
  1845 | D:4      | Reached skill level 5 in Axes
  1845 | D:4      | Reached skill level 5 in Shields
  1845 | D:4      | Reached XP level 6. HP: 50/52 MP: 5/5
  1921 | D:4      | Reached * piety under Okawaru
  2014 | D:4      | Reached XP level 7. HP: 60/60 MP: 3/6
  2073 | D:4      | Reached skill level 5 in Armour
  2523 | D:5      | Entered Level 5 of the Dungeon
  2714 | D:5      | Found a sacrificial altar of Ru.
  2764 | D:5      | Reached skill level 5 in Fighting
  3111 | D:5      | Reached skill level 1 in Stealth
  3135 | D:5      | Reached ** piety under Okawaru
  3221 | D:5      | Reached XP level 8. HP: 63/69 MP: 7/7
  3494 | D:5      | You fall through a shaft!
  3574 | D:6      | Reached skill level 1 in Maces & Flails
  3657 | D:6      | Found Koilowk's Book Boutique.
  3902 | D:6      | Reached *** piety under Okawaru
  4459 | D:7      | Reached XP level 9. HP: 72/78 MP: 8/8
  4478 | D:7      | Found a staircase to the Ecumenical Temple.
  4486 | Temple   | Entered the Ecumenical Temple
  5216 | D:7      | Reached skill level 5 in Maces & Flails
  5476 | D:8      | Reached skill level 1 in Invocations
  5680 | D:8      | Reached **** piety under Okawaru
  5878 | D:9      | Reached XP level 10. HP: 38/86 MP: 10/10
  6079 | D:9      | Got a polished arbalest
  6085 | D:9      | Identified the +8 arbalest of Indomitability {venom, +Fly} (You took it off an orc priest on level 9 of the Dungeon)
  6299 | D:9      | Noticed an oklob plant
  6494 | D:9      | Killed an oklob plant
  6494 | D:9      | Received a gift from Okawaru
  6541 | D:10     | Entered Level 10 of the Dungeon
  6561 | D:10     | Reached skill level 10 in Axes
  6656 | D:10     | Reached skill level 1 in Evocations
  6685 | D:10     | Got an ichor-stained whip
  6686 | D:10     | Identified the +3 whip "Niehol" {slash, rN+ Str+4} (You found it on level 10 of the Dungeon)
  6712 | D:10     | Reached skill level 1 in Throwing
  6938 | D:10     | Reached ***** piety under Okawaru
  6949 | D:10     | Found a staircase to the Lair.
  7155 | D:10     | Noticed a two-headed ogre
  7167 | D:10     | Killed a two-headed ogre
  7302 | D:11     | Noticed a two-headed ogre
  7308 | D:11     | Noticed a sun demon
  7321 | D:11     | Killed a two-headed ogre
  7321 | D:11     | Reached XP level 11. HP: 90/95 MP: 9/11
  7411 | D:11     | Learned a level 2 spell: Blink
  7430 | D:11     | Received a gift from Okawaru
  7433 | D:11     | Got a slimy lajatang {god gift}
  7439 | D:11     | Identified the +9 lajatang of the Desert {slice, rC+ Dex-5 Stlth+} (Okawaru gifted it to you on level 11 of the Dungeon)
  7492 | D:11     | Noticed a two-headed ogre
  7493 | D:11     | Noticed a deep elf mage
  7504 | D:11     | Noticed a centaur warrior
  7505 | D:11     | Noticed a soul eater
  7510 | D:11     | Found a runed door.
  7510 | D:11     | Noticed a white ugly thing
  7514 | D:11     | Noticed a centaur warrior
  7619 | Lair:1   | Entered Level 1 of the Lair of Beasts
  7665 | Lair:1   | Reached skill level 10 in Shields
  8459 | Lair:2   | Received a gift from Okawaru
  8980 | Lair:2   | Found a hole to the Spider Nest.
  9286 | Lair:1   | Learned a level 1 spell: Apportation
  9290 | Lair:1   | Learned a level 3 spell: Regeneration
  9405 | Lair:3   | Noticed an oklob plant
  9405 | Lair:3   | Noticed an oklob plant
  9414 | Lair:3   | Reached skill level 10 in Maces & Flails
  9522 | Lair:3   | Found a labyrinth entrance.
  9556 | Lab      | Entered a labyrinth
  9708 | Lab      | Reached XP level 12. HP: 103/105 MP: 12/12
 10029 | Lab      | Noticed a minotaur
 10039 | Lab      | Killed a minotaur
 10042 | Lab      | Got an ebony falchion {holy}
 10042 | Lab      | Got an iridescent hunting sling
 10045 | Lab      | Identified the +7 falchion of Resourcefulness {holy, Dex+4} (You took it off a minotaur in a labyrinth)
 10047 | Lab      | Identified the +9 hunting sling "Aqacrej" {flame, Str+7} (You took it off a minotaur in a labyrinth)
 10051 | Lab      | Identified the Catalogue of the Voyage and Heat
 10051 | Lab      | Identified the Guide on the Glacier and Flight
 10177 | Lair:3   | Gained mutation: You are partially covered in rugged brown scales. (AC +1, +3% HP) [potion of mutation]
 10177 | Lair:3   | Gained mutation: You are clumsy. (Dex -2) [potion of mutation]
 10177 | Lair:3   | Gained mutation: You occasionally shout uncontrollably at your foes. [potion of mutation]
 10177 | Lair:3   | Gained mutation: You can translocate small distances at will. [potion of mutation]
 10844 | Lair:4   | Received a gift from Okawaru
 10949 | Lair:4   | Reached skill level 10 in Fighting
 10994 | Lair:4   | Found a staircase to the Swamp.
 12098 | Lair:5   | Noticed a five-headed hydra
 12107 | Lair:5   | Killed a five-headed hydra
 12606 | Lair:6   | Entered Level 6 of the Lair of Beasts
 13052 | D:11     | Reached skill level 10 in Armour
 13085 | D:11     | Got an ancient tin ring
 13087 | D:11     | Identified the ring of Spring {Wiz rN+ Str-2 Int+4 Dex+5} (You found it on level 11 of the Dungeon)
 13214 | D:11     | Killed a centaur warrior
 13214 | D:11     | Reached skill level 5 in Dodging
 13219 | D:11     | Reached XP level 13. HP: 94/119 MP: 14/14
 14978 | Lair:3   | Got a crude rapier
 15049 | Lair:3   | Reached skill level 1 in Slings
 15083 | Lair:3   | Got a spiked leather armour
 15094 | Lair:3   | Identified the +1 leather armour of Polish {-Cast rPois Stlth+} (You found it on level 3 of the Lair of Beasts)
 15105 | Lair:3   | Identified the +6 rapier "Angax" {venom, Dex+7} (You found it on level 3 of the Lair of Beasts)
 15245 | D:11     | Received a gift from Okawaru
 15530 | D:11     | Noticed an ettin
 15542 | D:11     | Killed an ettin
 15685 | D:11     | Reached skill level 5 in Slings
 16168 | D:12     | Gained mutation: Your spells are a little easier to cast, but a little less powerful. [mutagenic meat]
 16169 | D:12     | Gained mutation: You are dopey. (Int -2) [mutagenic meat]
 16171 | D:12     | Gained mutation: You tend to lose your temper in combat. [mutagenic meat]
 16177 | D:12     | Lost mutation: Your spells are a little easier to cast, but a little less powerful. [potion of mutation]
 16177 | D:12     | Lost mutation: You are dopey. (Int -2) [potion of mutation]
 16177 | D:12     | Gained mutation: You are surrounded by a mild repulsion field. (EV +2) [potion of mutation]
 16177 | D:12     | Gained mutation: You are robust. (+10% HP) [potion of mutation]
 16177 | D:12     | Gained mutation: You have a somewhat thin skeletal structure. (Dex +2, Stealth) [potion of mutation]
 16271 | D:12     | Reached XP level 14. HP: 122/142 MP: 15/15
 16349 | D:12     | Found a roughly hewn altar of Beogh.
 16349 | D:12     | Found a staircase to the Orcish Mines.
 16429 | D:12     | Found a bloodstained altar of Trog.
 16448 | D:12     | Received a gift from Okawaru
 16455 | D:12     | Received a gift from Okawaru
 16988 | Orc:1    | Entered Level 1 of the Orcish Mines
 17015 | Orc:1    | Found a burning altar of Makhleb.
 17315 | Orc:1    | Received a gift from Okawaru
 17329 | Orc:1    | Got a fine war axe {god gift}
 17330 | Orc:1    | Identified the +0 war axe of Ampuc {pain, rN+ MR++ Int-4 Dex+3} (Okawaru gifted it to you on level 1 of the Orcish Mines)
 17581 | Orc:2    | Entered Level 2 of the Orcish Mines
 17663 | Orc:2    | Noticed Nessos
 17678 | Orc:2    | Killed Nessos
 17888 | Orc:2    | Noticed Gekot's ghost (journeyman GrFi)
 17913 | Orc:2    | Killed Gekot's ghost
 18024 | Orc:2    | Found a staircase to the Elven Halls.
 18941 | Orc:2    | Received a gift from Okawaru
 18944 | Orc:2    | Got a jewelled hand crossbow {god gift}
 18945 | Orc:2    | Identified the +7 hand crossbow "Ebbiynei" {freeze, Int+7 Dex-3 SInv} (Okawaru gifted it to you on level 2 of the Orcish Mines)
 19067 | Orc:2    | Reached skill level 15 in Axes
 19125 | Orc:2    | Found Cydeq's Antique Armour Shop.
 19125 | Orc:2    | Found Etuob's Distillery.
 19126 | Orc:2    | Found Qaasemeq's Food Boutique.
 19126 | Orc:2    | Found Deybbife's Gadget Shop.
 19137 | Orc:2    | Bought a potion of haste for 160 gold pieces
 19137 | Orc:2    | Bought a potion of heal wounds for 80 gold pieces
 19137 | Orc:2    | Bought a potion of heal wounds for 80 gold pieces
 19440 | D:13     | Gained mutation: Scrolls take you a little longer to read. [mutagenic meat]
 19615 | D:13     | Noticed Frances
 19627 | D:13     | Killed Frances
 20011 | D:13     | Noticed systemy's ghost (journeyman MiBe)
 20034 | D:13     | Killed systemy's ghost
 20176 | D:13     | Reached skill level 10 in Slings
 20179 | D:13     | Noticed an orc warlord
 20180 | D:13     | Noticed a frost giant
 20184 | D:13     | Reached ****** piety under Okawaru
 20184 | D:13     | Received a gift from Okawaru
 20184 | D:13     | Reached XP level 15. HP: 65/153 MP: 17/17
 20194 | D:13     | Killed an orc warlord
 20201 | D:13     | Received a gift from Okawaru
 20210 | D:13     | Killed a frost giant
 21121 | D:14     | Gained mutation: You are covered in fur. (AC +1) [mutagenic meat]
 21187 | D:14     | Found a gate to the Vaults.
 21686 | D:15     | Entered Level 15 of the Dungeon
 22166 | D:15     | Found a staircase to the Depths.
 22376 | D:15     | Lost mutation: You are surrounded by a mild repulsion field. (EV +2) [mutagenic meat]
 22377 | D:15     | Lost mutation: You can translocate small distances at will. [mutagenic meat]
 22378 | D:15     | Lost mutation: Scrolls take you a little longer to read. [mutagenic meat]
 22379 | D:15     | Lost mutation: You are robust. (+10% HP) [mutagenic meat]
 22380 | D:15     | Gained mutation: You expend magic power (3 MP) to strengthen your wands. [mutagenic meat]
 22381 | D:15     | Lost mutation: You are partially covered in rugged brown scales. (AC +1, +3% HP) [mutagenic meat]
 22382 | D:15     | Gained mutation: You have a pair of large horns on your head. [mutagenic meat]
 22383 | D:15     | Gained mutation: Your body sometimes deteriorates upon taking damage. [mutagenic meat]
 22385 | D:15     | Gained mutation: Your body often deteriorates upon taking damage. [mutagenic meat]
 22422 | D:15     | Lost mutation: You expend magic power (3 MP) to strengthen your wands. [mutagenic meat]
 22423 | D:15     | Gained mutation: Your system is resistant to poisons. (rPois) [mutagenic meat]
 22424 | D:15     | Gained mutation: Your spells are a little easier to cast, but a little less powerful. [mutagenic meat]
 22541 | D:15     | Received a gift from Okawaru
 22661 | D:15     | Gained mutation: You are partially covered in iridescent scales. (AC +2) [mutagenic meat]
 22663 | D:15     | Lost mutation: You are clumsy. (Dex -2) [mutagenic meat]
 22664 | D:15     | Gained mutation: You are resistant to hostile enchantments. (MR+) [mutagenic meat]
 23324 | Lair:6   | Found a viscous altar of Jiyva.
 23324 | Lair:6   | Found a staircase to the Slime Pits.
 23507 | Lair:6   | Reached skill level 5 in Invocations
 23719 | Lair:6   | Reached XP level 16. HP: 147/147 MP: 15/18
 24486 | Spider:1 | Entered Level 1 of the Spider Nest
 24486 | Spider:1 | Noticed Nikola
 24486 | Spider:1 | Noticed Azrael
 24513 | Spider:1 | Killed Azrael
 24524 | Spider:1 | Killed Nikola
 25065 | Spider:1 | Noticed Rupert
 25071 | Spider:1 | Noticed Josephine
 25076 | Spider:1 | Killed Josephine
 25084 | Spider:1 | Killed Rupert
 25084 | Spider:1 | Received a gift from Okawaru
 25091 | Spider:1 | Reached skill level 15 in Fighting
 25542 | Spider:2 | Received a gift from Okawaru
 26588 | Spider:3 | Received a gift from Okawaru
 26608 | Spider:3 | Noticed Aizul
 26619 | Spider:3 | Killed Aizul
 26748 | Spider:3 | Lost mutation: Your body often deteriorates upon taking damage. [mutagenic meat]
 26749 | Spider:3 | Gained mutation: You can translocate small distances at will. [mutagenic meat]
 26798 | Spider:3 | Noticed Fingolfin's ghost (adept NaFE)
 26801 | Spider:3 | Received a gift from Okawaru
 26815 | Spider:3 | Killed Fingolfin's ghost
 27242 | Spider:4 | Entered Level 4 of the Spider Nest
 27254 | Spider:4 | Reached XP level 17. HP: 158/158 MP: 17/19
 27363 | Spider:4 | Received a gift from Okawaru
 27366 | Spider:4 | Got an ebony battleaxe {god gift}
 27367 | Spider:4 | Identified the +6 battleaxe "Huinesk" {venom, rPois rF+ Dex-2 SInv} (Okawaru gifted it to you on level 4 of the Spider Nest)
 27623 | Spider:4 | Lost mutation: You have a somewhat thin skeletal structure. (Dex +2, Stealth) [mutagenic meat]
 27626 | Spider:4 | Lost mutation: You tend to lose your temper in combat. [mutagenic meat]
 27627 | Spider:4 | Lost mutation: Your spells are a little easier to cast, but a little less powerful. [mutagenic meat]
 27830 | Spider:4 | Received a gift from Okawaru
 27900 | Spider:4 | Received a gift from Okawaru
 28074 | Spider:4 | Reached skill level 15 in Shields
 28152 | Spider:4 | Got a gossamer rune of Zot
 28855 | Elf:1    | Entered Level 1 of the Elven Halls
 29147 | Elf:1    | Found an ancient bone altar of Kikubaaqudgha.
 29347 | Elf:1    | Found a radiant altar of Vehumet.
 29713 | Elf:1    | Noticed a Tzitzimitl
 30078 | Elf:2    | Received a gift from Okawaru
 30078 | Elf:2    | Reached XP level 18. HP: 170/170 MP: 21/21
 30088 | Elf:2    | Found a runed gate.
 30089 | Elf:2    | Found a runed gate.
 30091 | Elf:2    | Found a runed gate.
 30347 | Elf:2    | Received a gift from Okawaru
 30914 | Elf:2    | Reached skill level 1 in Translocations
 30941 | Elf:2    | Received a gift from Okawaru
 31180 | Elf:2    | Received a gift from Okawaru
 31411 | Elf:3    | Entered Level 3 of the Elven Halls
 31444 | Elf:3    | Received a gift from Okawaru
 31579 | Elf:3    | Reached skill level 1 in Spellcasting
 31890 | Elf:3    | Noticed a Hell Sentinel
 31902 | Elf:3    | Noticed a Tzitzimitl
 32138 | Elf:3    | Gained mutation: You are weak. (Str -2) [a cacodemon]
 32140 | Elf:3    | Gained mutation: Your magical capacity is low. (-10% MP) [a cacodemon]
 32144 | Elf:3    | Lost mutation: You have a pair of large horns on your head. [a cacodemon]
 32145 | Elf:3    | Identified the Compendium of Quantum Stones
 32242 | Elf:3    | Identified the cursed +1 battleaxe of Tuif {vamp, rPois} (You found it on level 3 of the Elven Halls)
 32259 | Elf:3    | Identified the Compendium of Displaced Air
 32267 | Elf:3    | Got faintly humming pearl dragon scales
 32280 | Elf:3    | Identified the +5 pearl dragon scales "Yvoxaplu" {rElec rN+ MR+ Dex+3} (You found it on level 3 of the Elven Halls)
 32361 | Elf:3    | Received a gift from Okawaru
 32369 | Elf:3    | Got a steaming shield {god gift}
 32494 | Elf:3    | Identified the +2 shield of the Dice {rPois Regen+} (Okawaru gifted it to you on level 3 of the Elven Halls)
 32507 | Elf:3    | Got a brightly glowing brass ring
 32526 | Elf:3    | Identified the ring "Gosan" {*Corrode rPois rF+ rN++} (You took it off a deep elf annihilator on level 3 of the Elven Halls)
 32551 | Elf:3    | Identified the +2 chain mail of Forking Paths {+Blink rF+} (You found it on level 3 of the Elven Halls)
 32617 | Elf:3    | Got a jewelled plate armour
 32618 | Elf:3    | Identified the +13 plate armour "Ulanonib" {Str+2} (You found it on level 3 of the Elven Halls)
 32732 | Elf:3    | Reached XP level 19. HP: 147/181 MP: 19/19
 33019 | Elf:3    | Found Hysmik Lut's General Store.
 34076 | Swamp:1  | Entered Level 1 of the Swamp
 34381 | Swamp:1  | Identified the cursed +0 chain mail "Hifaox" {rC- Str+7 Int-5 Dex+4} (You found it on level 1 of the Swamp)
 35095 | Swamp:2  | Learned a level 6 spell: Deflect Missiles
 35136 | Swamp:2  | Received a gift from Okawaru
 35378 | Swamp:2  | Noticed Kirke
 35392 | Swamp:2  | Killed Kirke
 35392 | Swamp:2  | Received a gift from Okawaru
 35904 | Swamp:3  | Noticed Roxanne
 35956 | Swamp:3  | Killed Roxanne
 36109 | Swamp:3  | Reached skill level 15 in Armour
 36239 | Swamp:3  | Noticed Louise
 36255 | Swamp:3  | Killed Louise
 36553 | Swamp:4  | Entered Level 4 of the Swamp
 36606 | Swamp:4  | Found a frozen archway.
 36640 | IceCv    | Entered an ice cave
 37678 | Swamp:4  | Noticed Ferkelamun's ghost (adept FoFi)
 37692 | Swamp:4  | Reached skill level 10 in Dodging
 37729 | Swamp:4  | Killed Ferkelamun's ghost
 37878 | Swamp:4  | Reached XP level 20. HP: 174/191 MP: 20/20
 37957 | Swamp:4  | Learned a level 5 spell: Aura of Abjuration
 38069 | Swamp:4  | Got a decaying rune of Zot
 38807 | Vaults:1 | Entered Level 1 of the Vaults
 38839 | Vaults:1 | Received a gift from Okawaru
 38911 | Vaults:1 | Got a jewelled scale mail {god gift}
 38922 | Vaults:1 | Identified the +1 scale mail of Distant Shores {rF+ Stlth+} (Okawaru gifted it to you on level 1 of the Vaults)
 38941 | Vaults:1 | Lost mutation: You occasionally shout uncontrollably at your foes. [mutagenic meat]
 38942 | Vaults:1 | Gained mutation: You are dopey. (Int -2) [mutagenic meat]
 38943 | Vaults:1 | Lost mutation: You are weak. (Str -2) [mutagenic meat]
 39428 | Vaults:1 | Gained mutation: Potions are less effective at restoring your health. [mutagenic meat]
 39429 | Vaults:1 | Gained mutation: You are weak. (Str -2) [mutagenic meat]
 39450 | Vaults:1 | Found Bopaqic's Antique Armour Emporium.
 39462 | Vaults:1 | Bought a brightly glowing scale mail for 315 gold pieces
 39472 | Vaults:1 | Identified the +1 scale mail "Itoib" {Str+3} (You bought it in a shop on level 1 of the Vaults)
 39816 | Vaults:1 | Gained mutation: You are very weak. (Str -4) [mutagenic meat]
 39818 | Vaults:1 | Lost mutation: Your system is resistant to poisons. (rPois) [potion of mutation]
 39818 | Vaults:1 | Lost mutation: You are dopey. (Int -2) [potion of mutation]
 39818 | Vaults:1 | Lost mutation: Your magical capacity is low. (-10% MP) [potion of mutation]
 39818 | Vaults:1 | Lost mutation: Your body sometimes deteriorates upon taking damage. [potion of mutation]
 39818 | Vaults:1 | Gained mutation: You passively map a small area around you. [potion of mutation]
 39819 | Vaults:1 | Lost mutation: You can translocate small distances at will. [potion of mutation]
 39819 | Vaults:1 | Lost mutation: You are resistant to hostile enchantments. (MR+) [potion of mutation]
 39819 | Vaults:1 | Lost mutation: You are partially covered in iridescent scales. (AC +2) [potion of mutation]
 39819 | Vaults:1 | Lost mutation: You are covered in fur. (AC +1) [potion of mutation]
 39819 | Vaults:1 | Lost mutation: You passively map a small area around you. [potion of mutation]
 39819 | Vaults:1 | Gained mutation: You possess an exceptional clarity of mind. [potion of mutation]
 39820 | Vaults:1 | Lost mutation: You possess an exceptional clarity of mind. [potion of mutation]
 39820 | Vaults:1 | Lost mutation: You are very weak. (Str -4) [potion of mutation]
 39820 | Vaults:1 | Lost mutation: You are weak. (Str -2) [potion of mutation]
 39820 | Vaults:1 | Gained mutation: You have a beak for a mouth. [potion of mutation]
 39820 | Vaults:1 | Gained mutation: Your mind is acute. (Int +2) [potion of mutation]
 39820 | Vaults:1 | Gained mutation: Your spells are a little harder to cast, but a little more powerful. [potion of mutation]
 40095 | Vaults:1 | Got a polished hand axe
 40096 | Vaults:1 | Identified the +9 hand axe "Demonslayer" {freeze, rF+ MR+} (You found it on level 1 of the Vaults)
 40264 | Vaults:1 | Gained mutation: Scrolls take you a little longer to read. [mutagenic meat]
 40265 | Vaults:1 | Gained mutation: You are frail. (-10% HP) [mutagenic meat]
 40266 | Vaults:1 | Gained mutation: You can translocate small distances at will. [mutagenic meat]
 40267 | Vaults:1 | Gained mutation: You have a pair of large horns on your head. [mutagenic meat]
 40268 | Vaults:1 | Gained mutation: You are agile. (Dex +2) [mutagenic meat]
 40270 | Vaults:1 | Lost mutation: You are frail. (-10% HP) [mutagenic meat]
 40271 | Vaults:1 | Gained mutation: Your system is resistant to poisons. (rPois) [mutagenic meat]
 40486 | Vaults:2 | Found Jioczops's General Store.
 40725 | Vaults:2 | Received a gift from Okawaru
 40801 | Vaults:2 | Gained mutation: You tend to lose your temper in combat. [mutagenic meat]
 40810 | Vaults:2 | Gained mutation: You occasionally shout uncontrollably at your foes. [mutagenic meat]
 40926 | Vaults:2 | Received a gift from Okawaru
 41245 | Vaults:2 | Found a shattered altar of Ashenzari.
 41253 | Vaults:2 | Found a magical portal.
 41262 | WizLab   | Entered Wucad Mu's Monastery
 41722 | WizLab   | Reached skill level 1 in Charms
 41722 | WizLab   | Reached skill level 1 in Necromancy
 41722 | WizLab   | Reached XP level 21. HP: 182/202 MP: 17/24
 41873 | Vaults:2 | Found a staircase to the Crypt.
 42234 | Vaults:2 | Lost mutation: You tend to lose your temper in combat. [mutagenic meat]
 42297 | Vaults:2 | Gained mutation: Your body sometimes deteriorates upon taking damage. [mutagenic meat]
 42298 | Vaults:2 | Lost mutation: Your spells are a little harder to cast, but a little more powerful. [mutagenic meat]
 42361 | Vaults:2 | Noticed a golden dragon
 42370 | Vaults:2 | Reached XP level 22. HP: 80/211 MP: 22/25
 42445 | Vaults:2 | Gained mutation: You tend to lose your temper in combat. [mutagenic meat]
 42630 | Vaults:2 | Gained mutation: Your body often deteriorates upon taking damage. [mutagenic meat]
 42631 | Vaults:2 | Gained mutation: Your skin changes colour to match your surroundings (Stealth+). [mutagenic meat]
 42693 | Vaults:2 | Killed a golden dragon
 42693 | Vaults:2 | Received a gift from Okawaru
 43053 | Vaults:2 | Lost mutation: You occasionally shout uncontrollably at your foes. [mutagenic meat]
 43188 | Vaults:3 | Received a gift from Okawaru
 43493 | Vaults:3 | Found Seazyar's Armour Shop.
 43529 | Vaults:3 | Received a gift from Okawaru
 43719 | Vaults:3 | Lost mutation: Your body often deteriorates upon taking damage. [mutagenic meat]
 43816 | Vaults:3 | Lost mutation: Potions are less effective at restoring your health. [mutagenic meat]
 43984 | Vaults:3 | Reached skill level 15 in Dodging
 45023 | Vaults:4 | Received a gift from Okawaru
 45061 | Vaults:4 | Lost mutation: You are agile. (Dex +2) [mutagenic meat]
 45062 | Vaults:4 | Lost mutation: You tend to lose your temper in combat. [mutagenic meat]
 46034 | Slime:1  | Entered Level 1 of the Pits of Slime
 46367 | Slime:2  | Reached XP level 23. HP: 224/224 MP: 26/26
 46807 | Slime:4  | Gained mutation: You possess an exceptional clarity of mind. [a shining eye]
 46809 | Slime:4  | Gained mutation: Your body often deteriorates upon taking damage. [a shining eye]
 47036 | Slime:5  | Entered Level 5 of the Pits of Slime
 47089 | Slime:5  | Received a gift from Okawaru
 47186 | Slime:5  | Noticed the Royal Jelly
 47197 | Slime:5  | Killed the Royal Jelly
 47371 | Slime:5  | Got a vibrating silver amulet
 47373 | Slime:5  | Identified the amulet "Soseg" {Gourm Dex+6 SInv} (You found it on level 5 of the Pits of Slime)
 47391 | Slime:5  | Got a slimy rune of Zot
 47432 | Slime:5  | Identified Yshonun's Almanac of Conjuration
 47449 | Slime:5  | Identified the ring "Merecoege" {rElec EV+3 Str+3} (You found it on level 5 of the Pits of Slime)
 47525 | Slime:5  | Identified the +5 ring mail of Okawaru's Esteem {Str+2} (You found it on level 5 of the Pits of Slime)
 47545 | Slime:5  | Gained mutation: Potions are less effective at restoring your health. [a shining eye]
 47852 | Slime:4  | Gained mutation: You are resistant to hostile enchantments. (MR+) [a shining eye]
 47856 | Slime:4  | Gained mutation: You expend magic power (3 MP) to strengthen your wands. [a shining eye]
 48486 | D:10     | Lost mutation: You have a beak for a mouth. [potion of mutation]
 48486 | D:10     | Lost mutation: You are resistant to hostile enchantments. (MR+) [potion of mutation]
 48486 | D:10     | Lost mutation: You possess an exceptional clarity of mind. [potion of mutation]
 48486 | D:10     | Lost mutation: Your system is resistant to poisons. (rPois) [potion of mutation]
 48486 | D:10     | Gained mutation: Your magical capacity is low. (-10% MP) [potion of mutation]
 48486 | D:10     | Lost mutation: Your body often deteriorates upon taking damage. [potion of mutation]
 48486 | D:10     | Gained mutation: You are robust. (+10% HP) [potion of mutation]
 48487 | D:10     | Lost mutation: Potions are less effective at restoring your health. [potion of mutation]
 48487 | D:10     | Lost mutation: Scrolls take you a little longer to read. [potion of mutation]
 48487 | D:10     | Gained mutation: You are partially covered in iridescent scales. (AC +2) [potion of mutation]
 48487 | D:10     | Lost mutation: You have a pair of large horns on your head. [potion of mutation]
 48487 | D:10     | Gained mutation: You are somewhat resistant to further mutation. [potion of mutation]
 48791 | Vaults:5 | Entered Level 5 of the Vaults
 48801 | Vaults:5 | Received a gift from Okawaru
 48820 | Vaults:5 | Reached skill level 5 in Stealth
 48869 | Vaults:5 | Received a gift from Okawaru
 48872 | Vaults:5 | Reached XP level 24. HP: 132/262 MP: 21/24
 48874 | Vaults:5 | Received a gift from Okawaru
 48930 | Vaults:5 | Received a gift from Okawaru
 49330 | Vaults:5 | Got a polished morningstar {god gift}
 49331 | Vaults:5 | Identified the +3 morningstar of the Eternal Void {flame, rPois Str+4 Int+3} (Okawaru gifted it to you on level 5 of the Vaults)
 49466 | Vaults:5 | Identified the ring of the Sixty-Six Coins {Fire +Fly rPois} (You took it off an ogre mage on level 5 of the Vaults)
 49470 | Vaults:5 | Identified the ring of Homibuih {Wiz -Tele +Inv Int+6} (You took it off an ironheart preserver on level 5 of the Vaults)
 49687 | Vaults:5 | Identified the +6 fire dragon scales of Ojorued {rF++ rC- rN+} (You found it on level 5 of the Vaults)
 50037 | Vaults:5 | Identified Wiat's Incunabulum of the Fiery Frostbite
 50057 | Vaults:5 | Got a silver rune of Zot
 50414 | Vaults:5 | Identified the Grimoire of Conjuration
 50420 | Vaults:5 | Learned a level 4 spell: Force Lance
 50807 | Depths:1 | Entered Level 1 of the Depths
 50850 | Depths:1 | Found Gockela's Food Emporium.
 50856 | Depths:1 | Found Egryhorch's Weapon Shoppe.
 50903 | Depths:1 | Received a gift from Okawaru
 51024 | Depths:1 | Found a gateway to Hell.
 51845 | Depths:1 | Identified the +6 plate armour of Dogmatism {rF++ MP-9 Int+3} (You found it on level 1 of the Depths)
 52039 | Depths:2 | Reached skill level 1 in Conjurations
 52039 | Depths:2 | Reached skill level 1 in Summonings
 52039 | Depths:2 | Reached skill level 1 in Air Magic
 52039 | Depths:2 | Reached XP level 25. HP: 266/274 MP: 20/24
 52481 | Depths:2 | Reached XP level 26. HP: 282/282 MP: 24/24
 52531 | Depths:2 | Received a gift from Okawaru
 52550 | Depths:2 | Got a polished scarf {god gift}
 52561 | Depths:2 | Identified the scarf "Juvva" {Slay+2} (Okawaru gifted it to you on level 2 of the Depths)
 52978 | Depths:2 | Paralysed by a floating eye for 2 turns
 53005 | Depths:2 | Reached XP level 27. HP: 291/291 MP: 24/25
 53120 | Depths:3 | Noticed Jory
 53141 | Depths:3 | Killed Jory
 53203 | Depths:3 | Found a one-way gate to the infinite horrors of the Abyss.
 53522 | Depths:3 | Found a one-way gate leading to the halls of Pandemonium.
 53856 | Depths:3 | Noticed an ancient lich
 53865 | Depths:3 | Killed an ancient lich
 54198 | Depths:3 | Received a gift from Okawaru
 54488 | Depths:3 | Voluntarily entered the Abyss.
 54743 | Abyss:4  | Received a gift from Okawaru
 54744 | Abyss:4  | Got a pair of ancient boots {god gift}
 54746 | Abyss:4  | Identified the +0 pair of boots of Dunwagy {rPois rC- rCorr Dex+3} (Okawaru gifted it to you on level 4 of the Abyss)
 55079 | Abyss:5  | Entered Level 5 of the Abyss
 55248 | Abyss:5  | Paralysed by accursed screaming for 1 turns
 55282 | Abyss:5  | Gained mutation: You are weak. (Str -2) [a cacodemon]
 55584 | Abyss:5  | Received a gift from Okawaru
 55593 | Abyss:5  | Paralysed by accursed screaming for 1 turns
 55658 | Abyss:5  | Gained mutation: Your body often deteriorates upon taking damage. [a neqoxec]
 56123 | Abyss:5  | Paralysed by you for 2 turns
 56145 | Abyss:5  | Paralysed by accursed screaming for 1 turns
 56161 | Abyss:5  | Paralysed by accursed screaming for 1 turns
 56174 | Abyss:5  | Received a gift from Okawaru
 56192 | Depths:3 | Escaped the Abyss
 57075 | Temple   | Fell from the grace of Okawaru
 57075 | Temple   | Became a worshipper of Makhleb the Destroyer
 57297 | Crypt:1  | Entered Level 1 of the Crypt
 57661 | Crypt:1  | Reached * piety under Makhleb
 57702 | Crypt:1  | Reached ** piety under Makhleb
 57724 | Crypt:1  | Reached skill level 5 in Necromancy
 58602 | Crypt:2  | Reached *** piety under Makhleb
 58846 | Crypt:3  | Entered Level 3 of the Crypt
 59193 | Crypt:3  | Found a staircase to the Tomb.
 59207 | Crypt:3  | Reached **** piety under Makhleb
 59422 | Crypt:3  | Identified a scroll of acquirement
 59423 | Crypt:3  | Got a transparent cloak
 59434 | Crypt:3  | Identified the +2 cloak "Redaozy" {Int+3} (You acquired it on level 3 of the Crypt)
 60063 | Crypt:3  | Found an ancient bone altar of Kikubaaqudgha.
 60076 | Crypt:3  | Noticed an ancient lich
 60083 | Crypt:3  | Killed an ancient lich
 60725 | Depths:4 | Noticed a juggernaut
 60737 | Depths:4 | Reached ***** piety under Makhleb
 60740 | Depths:4 | Killed a juggernaut
 60740 | Depths:4 | Reached skill level 27 in Fighting
 60758 | Depths:4 | Identified the +14 crystal plate armour of Trumpets {Slay+3} (You found it on level 4 of the Depths)
 61104 | Depths:4 | Noticed a juggernaut
 61112 | Depths:4 | Killed a juggernaut
 61179 | Depths:4 | Found a portal to a secret trove of treasure.
 61194 | Depths:4 | You paid a toll of 22 scrolls of identify to enter a treasure trove
 61195 | Trove    | Entered a treasure trove
 61207 | Trove    | Got a blackened whip
 61217 | Trove    | Identified the +3 whip of Fenajygu {slash, *Contam *Noise rC++ Dex+2} (You found it in a treasure trove)
 61221 | Trove    | Got a slimy broad axe
 61222 | Trove    | Identified the +10 broad axe "Nigov" {venom, MR+} (You found it in a treasure trove)
 61229 | Trove    | Gained mutation: Scrolls take you a little longer to read. [mutagenic glow]
 61236 | Trove    | Got an iridescent hunting sling
 61237 | Trove    | Identified the +0 hunting sling of the Foot {flame, *Drain rPois rC+} (You found it in a treasure trove)
 61415 | Depths:4 | Was forgiven by Okawaru
 61774 | Depths:5 | Entered Level 5 of the Depths
 61840 | Depths:5 | Reached skill level 27 in Axes
 62075 | Depths:5 | Noticed Xtahua
 62089 | Depths:5 | Killed Xtahua
 62278 | Depths:5 | Found a gate to the Realm of Zot.
 62414 | Depths:5 | Found a gateway to a ziggurat.
 62459 | Depths:5 | Voluntarily entered the Abyss.
 62465 | Abyss:1  | Reached ****** piety under Makhleb
 62631 | Abyss:2  | Paralysed by you for 5 turns
 62798 | Abyss:3  | Found a sparkling altar of Nemelex Xobeh.
 63163 | Abyss:3  | Paralysed by accursed screaming for 1 turns
 63174 | Abyss:3  | Got an abyssal rune of Zot
 63616 | Depths:5 | Escaped the Abyss
 63686 | Pan      | Entered Pandemonium
 63686 | Pan      | Found an exit through the horrors of the Abyss.
 63812 | Pan      | Noticed Ineolim the pandemonium lord
 63836 | Pan      | Paralysed by Ineolim for 2 turns
 63875 | Pan      | Killed Ineolim the pandemonium lord
 64327 | Pan      | Gained mutation: You occasionally shout uncontrollably at your foes. [a cacodemon]
 64474 | Pan      | Found a huge runed gate.
 64598 | Pan      | Found an exit through the horrors of the Abyss.
 64624 | Pan      | Entered the realm of Cerebov.
 64709 | Pan      | Found an exit through the horrors of the Abyss.
 65069 | Pan      | Reached skill level 5 in Summonings
 65074 | Pan      | Got a twisted morningstar {drain}
 65075 | Pan      | Identified the +8 morningstar of the Wishes {drain, +Rage Int+2} (You took it off a warmonger in Pandemonium)
 65088 | Pan      | Identified the +1 ring mail of Beyond {rPois rN+ Regen+} (You took it off a monstrous demonspawn in Pandemonium)
 65110 | Pan      | Got a smoking steel ring
 65112 | Pan      | Identified the ring "Sutworie" {rPois Str+2 Dex-5 SInv Stlth+} (You found it in Pandemonium)
 65159 | Pan      | Identified the +12 crystal plate armour of Dim Light {+Inv rElec rN++ Dex-2} (You found it in Pandemonium)
 65205 | Pan      | Got a heavily runed jade ring
 65207 | Pan      | Identified the cursed ring "Doijoox" {AC-3 Str+2 Int+3} (You found it in Pandemonium)
 65233 | Pan      | Got a shimmering golden amulet
 65236 | Pan      | Identified the amulet "Pykoash" {RegenMP +Inv rC- Slay+3} (You found it in Pandemonium)
 65239 | Pan      | Got a wavering steel ring
 65241 | Pan      | Identified the ring "Soekyri" {rElec rC- Str+6 Int+3} (You found it in Pandemonium)
 65257 | Pan      | Noticed Cerebov
 65396 | Pan      | Killed Cerebov
 65413 | Pan      | Got a fiery rune of Zot
 65564 | Pan      | Noticed Nirghaos the pandemonium lord
 65686 | Pan      | Cast into level 5 of the Abyss (Nirghaos)
 65686 | Abyss:5  | Entered Level 5 of the Abyss
 65721 | Abyss:5  | Identified the amulet "Unu Pant" {Gourm rElec rN+ Slay+3} (You found it on level 5 of the Abyss)
 65745 | Pan      | Escaped the Abyss
 65760 | Pan      | Killed Nirghaos the pandemonium lord
 66158 | Pan      | Found an exit through the horrors of the Abyss.
 66201 | Pan      | Reached skill level 27 in Shields
 66686 | Pan      | Reached skill level 10 in Stealth
 66975 | Pan      | Noticed Ahuy the pandemonium lord
 67008 | Pan      | Killed Ahuy the pandemonium lord
 67226 | Pan      | Found an ancient bone altar of Kikubaaqudgha.
 67261 | Pan      | Noticed Vaeppunt the pandemonium lord
 67282 | Pan      | Killed Vaeppunt the pandemonium lord
 67309 | Pan      | Got a demonic rune of Zot
 67330 | Pan      | Found an exit through the horrors of the Abyss.
 67733 | Pan      | Found a huge runed gate.
 67734 | Pan      | Found a huge runed gate.
 67735 | Pan      | Found a huge runed gate.
 67735 | Pan      | Found a huge runed gate.
 67735 | Pan      | Found a huge runed gate.
 67735 | Pan      | Found a huge runed gate.
 67736 | Pan      | Found a huge runed gate.
 67736 | Pan      | Found a huge runed gate.
 67736 | Pan      | Found a huge runed gate.
 67736 | Pan      | Found a huge runed gate.
 67736 | Pan      | Found a huge runed gate.
 67736 | Pan      | Found a huge runed gate.
 67736 | Pan      | Found a huge runed gate.
 67737 | Pan      | Found a huge runed gate.
 67738 | Pan      | Found a huge runed gate.
 67739 | Pan      | Found a huge runed gate.
 67739 | Pan      | Found a huge runed gate.
 67744 | Pan      | Noticed Alotozul the pandemonium lord
 67753 | Pan      | HP: 13/300 [??? (5)]
 67764 | Pan      | HP: 13/300 [Alotozul the pandemonium lord (13)]
 67765 | Pan      | Killed Alotozul the pandemonium lord
 67806 | Pan      | Identified the amulet of the Evil One {MR++ Regen+ Slay+2} (You found it in Pandemonium)
 68015 | Pan      | Identified the ring of Quraeg {Ice +Inv rElec} (You found it in Pandemonium)
 68497 | Pan      | Found a runed door.
 68497 | Pan      | Noticed Axuschic the pandemonium lord
 68520 | Pan      | Lost mutation: Your mind is acute. (Int +2) [a cacodemon]
 68522 | Pan      | Killed Axuschic the pandemonium lord
 68525 | Pan      | Reached skill level 5 in Charms
 68532 | Pan      | Gained mutation: Your spells are a little easier to cast, but a little less powerful. [a cacodemon]
 68548 | Pan      | Reached skill level 5 in Spellcasting
 68683 | Pan      | Lost mutation: Your spells are a little easier to cast, but a little less powerful. [potion of mutation]
 68683 | Pan      | Lost mutation: Your magical capacity is low. (-10% MP) [potion of mutation]
 68683 | Pan      | Lost mutation: You occasionally shout uncontrollably at your foes. [potion of mutation]
 68683 | Pan      | Lost mutation: You can translocate small distances at will. [potion of mutation]
 68683 | Pan      | Gained mutation: You are very robust. (+20% HP) [potion of mutation]
 68707 | Pan      | Found an exit through the horrors of the Abyss.
 69432 | Pan      | Paralysed by accursed screaming for 1 turns
 70091 | Pan      | Found an exit through the horrors of the Abyss.
 71243 | Pan      | Found an exit through the horrors of the Abyss.
 71644 | Pan      | Noticed Vucs the pandemonium lord
 71676 | Pan      | Killed Vucs the pandemonium lord
 71723 | Pan      | Reached skill level 10 in Summonings
 71810 | Pan      | Found an exit through the horrors of the Abyss.
 72615 | Pan      | Found an exit through the horrors of the Abyss.
 72976 | Pan      | Noticed Xalapery the pandemonium lord
 72997 | Pan      | Killed Xalapery the pandemonium lord
 73406 | Pan      | Noticed Naog the pandemonium lord
 73440 | Pan      | Killed Naog the pandemonium lord
 73648 | Pan      | Found an exit through the horrors of the Abyss.
 73987 | Pan      | Entered the realm of Mnoleg.
 74096 | Pan      | Found an exit through the horrors of the Abyss.
 74562 | Pan      | Gained mutation: Armour fits poorly on your strangely shaped body. [a neqoxec]
 74660 | Pan      | Noticed Mnoleg
 74712 | Pan      | Killed Mnoleg
 74732 | Pan      | Got a glowing rune of Zot
 74921 | Pan      | Gained mutation: You tend to lose your temper in combat. [a neqoxec]
 75015 | Pan      | Lost mutation: Armour fits poorly on your strangely shaped body. [potion of mutation]
 75015 | Pan      | Lost mutation: You are weak. (Str -2) [potion of mutation]
 75015 | Pan      | Lost mutation: You expend magic power (3 MP) to strengthen your wands. [potion of mutation]
 75015 | Pan      | Lost mutation: Scrolls take you a little longer to read. [potion of mutation]
 75015 | Pan      | Lost mutation: You are very robust. (+20% HP) [potion of mutation]
 75015 | Pan      | Lost mutation: Your body often deteriorates upon taking damage. [potion of mutation]
 75137 | Pan      | Entered the realm of Gloorx Vloq.
 75139 | Pan      | Found an exit through the horrors of the Abyss.
 75313 | Pan      | Noticed Mennas
 75366 | Pan      | Killed Mennas
 75703 | Pan      | Reached skill level 27 in Armour
 76272 | Pan      | Reached skill level 5 in Translocations
 76383 | Pan      | Noticed Gloorx Vloq
 76419 | Pan      | Killed Gloorx Vloq
 76428 | Pan      | Got a dark rune of Zot
 76612 | Pan      | Entered the realm of Lom Lobon.
 76735 | Pan      | Found an exit through the horrors of the Abyss.
 77274 | Pan      | Noticed Lom Lobon
 77299 | Pan      | Killed Lom Lobon
 77317 | Pan      | Got a magical rune of Zot
 77509 | Pan      | Took an exit into the Abyss.
 77509 | Abyss:1  | Escaped into the Abyss
 77549 | Abyss:1  | Found a burning altar of Makhleb.
 77562 | Depths:3 | Escaped the Abyss
 77636 | Hell     | Entered the Vestibule of Hell
 77636 | Hell     | Noticed Geryon
 77660 | Hell     | Killed Geryon
 77796 | Hell     | Found a gateway to the Iron City of Dis.
 77928 | Hell     | Found a gateway to the ashen valley of Gehenna.
 78058 | Hell     | Found a gateway to the decaying netherworld of Tartarus.
 78163 | Hell     | Found a gateway to the freezing wastes of Cocytus.
 78332 | Tar:1    | Entered Level 1 of Tartarus
 78622 | Tar:1    | Reached skill level 10 in Spellcasting
 79001 | Tar:7    | Entered Level 7 of Tartarus
 79315 | Tar:7    | Reached skill level 15 in Slings
 79885 | Tar:7    | Got a scorched bronze ring
 79887 | Tar:7    | Identified the ring of the Forgotten Dreams {+Inv rElec rF+ Dex+5 Stlth-} (You found it on level 7 of Tartarus)
 80075 | Tar:7    | Noticed the Serpent of Hell
 80100 | Tar:7    | Killed the Serpent of Hell
 80630 | Tar:7    | Got a pitted turquoise ring
 80632 | Tar:7    | Identified the ring "Cemouj" {Fire rPois SInv} (You found it on level 7 of Tartarus)
 80868 | Tar:7    | Noticed Ereshkigal
 80909 | Tar:7    | Killed Ereshkigal
 80930 | Tar:7    | Got a bone rune of Zot
 81691 | Geh:1    | Entered Level 1 of Gehenna
 82745 | Geh:7    | Entered Level 7 of Gehenna
 82822 | Geh:7    | Reached skill level 5 in Throwing
 82853 | Geh:7    | Reached skill level 10 in Translocations
 83088 | Geh:7    | HP: 14/300 [hellion/damnation (15)]
 83212 | Geh:7    | Gained mutation: You often lose your temper in combat. [mutagenic glow]
 83243 | Geh:7    | Lost mutation: You are robust. (+10% HP) [mutagenic glow]
 83492 | Geh:7    | Noticed Asmodeus
 83507 | Geh:7    | Killed Asmodeus
 83518 | Geh:7    | Got an obsidian rune of Zot
 83679 | Zot:1    | Entered Level 1 of the Realm of Zot
 83799 | Zot:1    | Lost mutation: Your body sometimes deteriorates upon taking damage. [potion of mutation]
 83799 | Zot:1    | Lost mutation: You often lose your temper in combat. [potion of mutation]
 83799 | Zot:1    | Lost mutation: You are somewhat resistant to further mutation. [potion of mutation]
 83799 | Zot:1    | Gained mutation: Your muscles are strong. (Str +2) [potion of mutation]
 83799 | Zot:1    | Gained mutation: You evolve. [potion of mutation]
 85473 | Zot:2    | Identified the +1 crystal plate armour "Pintuoc" {+Blink +Inv MP-9 Str+6} (You acquired it on level 2 of the Realm of Zot)
 85708 | Zot:3    | Reached skill level 10 in Necromancy
 86291 | Zot:3    | Noticed an orb of fire
 86300 | Zot:3    | Killed an orb of fire
 86437 | Zot:4    | Noticed an orb of fire
 86439 | Zot:4    | Gained mutation: Your body sometimes deteriorates upon taking damage. [an orb of fire]
 86447 | Zot:4    | Killed an orb of fire
 86447 | Zot:4    | Reached skill level 10 in Charms
 86849 | Zot:4    | Reached skill level 15 in Summonings
 87432 | Coc:1    | Entered Level 1 of Cocytus
 87727 | Coc:4    | Gained mutation: Your spells are a little harder to cast, but a little more powerful. [evolution]
 88076 | Coc:7    | Entered Level 7 of Cocytus
 88348 | Coc:7    | Reached skill level 10 in Throwing
 88588 | Coc:7    | Noticed Antaeus
 88682 | Coc:7    | Identified Sif Muna's Disquisition on Heat and Creation
 88690 | Coc:7    | Learned a level 5 spell: Summon Demon
 88694 | Coc:7    | Identified the Handbook of Air
 88914 | Coc:7    | Reached skill level 5 in Air Magic
 88995 | Coc:7    | Killed Antaeus
 89011 | Coc:7    | Got an icy rune of Zot
 89172 | Dis:1    | Entered Level 1 of the Iron City of Dis
 90313 | Dis:7    | Entered Level 7 of the Iron City of Dis
 90480 | Dis:7    | Lost mutation: Your muscles are strong. (Str +2) [mutagenic glow]
 90940 | Dis:7    | Gained mutation: Your body often deteriorates upon taking damage. [a cacodemon]
 91152 | Dis:7    | Noticed Dispater
 91188 | Dis:7    | Killed Dispater
 91196 | Dis:7    | Gained mutation: Scrolls take you a little longer to read. [mutagenic glow]
 91232 | Dis:7    | Got an iron rune of Zot
 91241 | Dis:7    | Got an encrusted mace
 91752 | Tomb:1   | Entered Level 1 of the Tomb of the Ancients
 91790 | Tomb:1   | Noticed Jorgrun
 91801 | Tomb:1   | Killed Jorgrun
 91917 | Tomb:1   | Reached skill level 15 in Spellcasting
 92082 | Tomb:1   | Noticed a greater mummy
 92096 | Tomb:1   | Killed a greater mummy
 92124 | Tomb:1   | Noticed a greater mummy
 92128 | Tomb:1   | Noticed a greater mummy
 92133 | Tomb:1   | Noticed a greater mummy
 92133 | Tomb:1   | Killed a greater mummy
 92142 | Tomb:1   | Killed a greater mummy
 92154 | Tomb:1   | Killed a greater mummy
 92751 | Tomb:1   | Identified the +3 battleaxe of Qoggilup {antimagic, rN+} (You found it on level 1 of the Tomb of the Ancients)
 93342 | Depths:5 | Got a smoking ring mail
 93345 | Depths:5 | Identified the +1 ring mail "Tecisea" {Dex+2} (You acquired it on level 5 of the Depths)
 93351 | Zig:1    | Entered Level 1 of a ziggurat
 93376 | Zig:2    | Entered Level 2 of a ziggurat
 93402 | Zig:3    | Entered Level 3 of a ziggurat
 93422 | Zig:3    | Identified the Catalogue of the Curious Tales
 93430 | Zig:4    | Entered Level 4 of a ziggurat
 93470 | Zig:5    | Entered Level 5 of a ziggurat
 93541 | Zig:5    | Got a twisted fustibalus
 93544 | Zig:5    | Identified the cursed +1 fustibalus "Xicvijeu" {flame, rC+} (You found it on level 5 of a ziggurat)
 93549 | Zig:6    | Entered Level 6 of a ziggurat
 93593 | Zig:6    | Learned a level 4 spell: Control Undead
 93601 | Zig:6    | Identified the +7 chain mail of Napp {rN+ Regen+ Dex+3} (You found it on level 6 of a ziggurat)
 93701 | Zig:7    | Entered Level 7 of a ziggurat
 93712 | Zig:7    | Noticed an ancient lich
 93727 | Zig:7    | Killed an ancient lich
 93773 | Zig:8    | Entered Level 8 of a ziggurat
 93800 | Zig:8    | Gained mutation: You are occasionally teleported next to monsters. [a neqoxec]
 93822 | Zig:8    | Got a scorched ruby amulet
 93825 | Zig:8    | Identified the amulet of Spite {Harm *Drain Str+4} (You found it on level 8 of a ziggurat)
 93833 | Zig:8    | Identified Uvip's Handbook of Transmutation and Protection
 93838 | Zig:8    | Learned a level 2 spell: Shroud of Golubria
 93845 | Zig:8    | Got a transparent silver ring
 93847 | Zig:8    | Identified the ring "Sougeolo" {+Fly Dex+6 Slay+2} (You found it on level 8 of a ziggurat)
 93848 | Zig:8    | Lost mutation: Scrolls take you a little longer to read. [potion of mutation]
 93848 | Zig:8    | Lost mutation: Your spells are a little harder to cast, but a little more powerful. [potion of mutation]
 93848 | Zig:8    | Gained mutation: You are robust. (+10% HP) [potion of mutation]
 93848 | Zig:8    | Gained mutation: You can translocate small distances at will. [potion of mutation]
 93876 | Zig:9    | Entered Level 9 of a ziggurat
 93883 | Zig:9    | Noticed Ilutt the pandemonium lord
 93883 | Zig:9    | Noticed Etoaphia the pandemonium lord
 93897 | Zig:9    | Killed Ilutt the pandemonium lord
 93914 | Zig:9    | Killed Etoaphia the pandemonium lord
 93948 | Zig:9    | Identified The Foundations of Rites and Rhymes
 93954 | Zig:9    | Learned a level 3 spell: Recall
 93968 | Zig:9    | Got a flickering copper ring
 93970 | Zig:9    | Identified the ring "Bomenn" {+Fly rF+} (You found it on level 9 of a ziggurat)
 93979 | Zig:10   | Entered Level 10 of a ziggurat
 93990 | Zig:10   | Noticed PeterLawrence's ghost (legendary MiFi)
 94006 | Zig:10   | Gained mutation: Scrolls take you a little longer to read. [a shining eye]
 94058 | Zig:10   | Killed PeterLawrence's ghost
 94078 | Zig:10   | Got a steaming granite ring
 94080 | Zig:10   | Identified the ring of Harmony {EV+2 SInv} (You found it on level 10 of a ziggurat)
 94090 | Zig:10   | Identified the +7 chain mail of the Blue Moon {rElec rF+ Int+2} (You found it on level 10 of a ziggurat)
 94120 | Zig:11   | Entered Level 11 of a ziggurat
 94170 | Zig:11   | Lost mutation: You can translocate small distances at will. [potion of mutation]
 94170 | Zig:11   | Lost mutation: You evolve. [potion of mutation]
 94170 | Zig:11   | Lost mutation: You are occasionally teleported next to monsters. [potion of mutation]
 94170 | Zig:11   | Lost mutation: You are robust. (+10% HP) [potion of mutation]
 94170 | Zig:11   | Lost mutation: Your body often deteriorates upon taking damage. [potion of mutation]
 94170 | Zig:11   | Gained mutation: You are weak. (Str -2) [potion of mutation]
 94170 | Zig:11   | Gained mutation: You are partially covered in rugged brown scales. (AC +1, +3% HP) [potion of mutation]
 94171 | Zig:11   | Lost mutation: Your skin changes colour to match your surroundings (Stealth+). [potion of mutation]
 94171 | Zig:11   | Lost mutation: Scrolls take you a little longer to read. [potion of mutation]
 94171 | Zig:11   | Lost mutation: You are weak. (Str -2) [potion of mutation]
 94171 | Zig:11   | Gained mutation: Your mind is acute. (Int +2) [potion of mutation]
 94171 | Zig:11   | Lost mutation: Your mind is acute. (Int +2) [potion of mutation]
 94171 | Zig:11   | Gained mutation: Your natural rate of healing is unusually fast. [potion of mutation]
 94177 | Zig:11   | Got a sparkling platinum amulet
 94178 | Zig:11   | Identified the amulet of Vailistune {Faith rElec rN+ Int-4 Dex+4} (You found it on level 11 of a ziggurat)
 94201 | Zig:11   | Got a twitching ivory amulet
 94203 | Zig:11   | Identified the amulet "Weypaca" {Regen+ Int+7} (You found it on level 11 of a ziggurat)
 94217 | Zig:11   | Got an ancient battleaxe
 94223 | Zig:11   | Identified the +5 battleaxe of the Eternal Void {elec, +Inv Int+3} (You found it on level 11 of a ziggurat)
 94248 | Zig:12   | Entered Level 12 of a ziggurat
 94331 | Zig:13   | Entered Level 13 of a ziggurat
 94376 | Zig:13   | Paralysed by accursed screaming for 2 turns
 94382 | Zig:13   | Paralysed by accursed screaming for 2 turns
 94387 | Zig:13   | Paralysed by accursed screaming for 2 turns
 94408 | Zig:13   | Lost mutation: Your body sometimes deteriorates upon taking damage. [potion of mutation]
 94408 | Zig:13   | Lost mutation: You tend to lose your temper in combat. [potion of mutation]
 94408 | Zig:13   | Lost mutation: You are partially covered in iridescent scales. (AC +2) [potion of mutation]
 94408 | Zig:13   | Lost mutation: Your natural rate of healing is unusually fast. [potion of mutation]
 94408 | Zig:13   | Lost mutation: You are partially covered in rugged brown scales. (AC +1, +3% HP) [potion of mutation]
 94408 | Zig:13   | Gained mutation: Your muscles are strong. (Str +2) [potion of mutation]
 94408 | Zig:13   | Gained mutation: You are partially covered in rugged brown scales. (AC +1, +3% HP) [potion of mutation]
 94410 | Zig:13   | Got a twitching lead ring
 94412 | Zig:13   | Identified the ring of Yteol {EV+1 Stlth+} (You found it on level 13 of a ziggurat)
 94430 | Zig:13   | Identified the Guide on Floating Envenoming
 94501 | Zig:14   | Entered Level 14 of a ziggurat
 94533 | Zig:14   | Gained mutation: Your body sometimes deteriorates upon taking damage. [a neqoxec]
 94674 | Zig:14   | Gained mutation: Your mind is acute. (Int +2) [mutagenic meat]
 94676 | Zig:14   | Gained mutation: You possess an exceptional clarity of mind. [mutagenic meat]
 94702 | Zig:15   | Entered Level 15 of a ziggurat
 94768 | Zig:15   | Got a wavering pewter ring
 94770 | Zig:15   | Identified the ring "Wedisch" {*Drain rF+ Int+2 Dex+9 Stlth+} (You found it on level 15 of a ziggurat)
 94779 | Zig:15   | Identified the +11 hunting sling of Hell's Wrath {velocity, Str+6 SInv} (You found it on level 15 of a ziggurat)
 94786 | Zig:15   | Got a pair of pitted boots
 94797 | Zig:15   | Identified the cursed +0 pair of boots of the Princeling {*Slow rF+ Int+4} (You found it on level 15 of a ziggurat)
 94850 | Zig:16   | Entered Level 16 of a ziggurat
 94886 | Zig:16   | Reached skill level 10 in Air Magic
 94981 | Zig:16   | Identified the amulet "Bahufuev" {RegenMP Int+3} (You found it on level 16 of a ziggurat)
 95003 | Zig:16   | Identified the +4 chain mail of Responsibility {*Corrode rC+++ Str-5 Slay+2} (You found it on level 16 of a ziggurat)
 95027 | Zig:17   | Entered Level 17 of a ziggurat
 95046 | Zig:17   | Noticed a greater mummy
 95048 | Zig:17   | Noticed a greater mummy
 95049 | Zig:17   | Noticed a greater mummy
 95053 | Zig:17   | Noticed a greater mummy
 95054 | Zig:17   | HP: 8/281 [greater mummy/divine providence (14)]
 95060 | Zig:17   | HP: 10/278 [ushabti] (9)]
 95060 | Zig:17   | Killed by a guardian mummy's death curse

Skill      XL: |  1  2  3  4  5  6  7  8  9 10 11 12 13 14 15 16 17 18 19 20 21 22 23 24 25 26 27 |
---------------+----------------------------------------------------------------------------------+-----
Armour         | 4 5 6 7 9 10 11 12 13 14 15 16 27 | 27.0
Shields        | 4 5 6 8 9 11 12 13 14 15 16 17 18 19 20 21 27 | 27.0
Fighting       | 4 5 6 7 8 9 11 12 13 14 15 17 18 19 20 22 24 25 27 | 27.0
Axes           | 3 4 5 6 7 8 9 10 11 13 14 15 16 17 18 19 20 21 22 23 27 | 27.0
Dodging        | 1 2 3 4 5 6 7 10 13 16 17 23 | 23.2
Stealth        | 1 2 3 4 5 6 12 | 12.1
Maces & Flails | 4 6 9 10 11 12 13 | 13.9
Invocations    | 1 2 3 4 5 6 |  6.4
Evocations     | 1 3 |  3.1
Throwing       | 1 2 3 4 12 | 12.5
Slings         | 6 10 12 13 14 17 | 17.6
Translocations | 1 2 3 12 | 12.6
Spellcasting   | 2 3 4 18 | 18.3
Charms         | 1 2 13 | 13.8
Necromancy     | 1 2 11 | 11.2
Conjurations   | 1 |  1.0
Summonings     | 1 2 16 | 16.0
Air Magic      | 1 2 10 | 10.4

Action                   |  1- 3 |  4- 6 |  7- 9 | 10-12 | 13-15 | 16-18 | 19-21 | 22-24 | 25-27 || total
-------------------------+-------+-------+-------+-------+-------+-------+-------+-------+-------++-------
Melee: War axe           |    58 |   127 |   112 |   336 |   489 |   647 |  1145 |    86 |       ||  3000
       Headbutt          |     3 |    18 |    72 |   157 |   262 |   186 |   491 |   402 |  3097 ||  4688
       Flail             |       |       |   178 |   370 |   388 |    28 |    45 |       |       ||  1009
       Hunting sling     |       |       |       |       |     2 |     6 |       |       |       ||     8
       Eveningstar       |       |       |       |       |       |       |    34 |       |       ||    34
       Peck              |       |       |       |       |       |       |   129 |   230 |       ||   359
       Broad axe         |       |       |       |       |       |       |       |   954 |  9115 || 10069
 Fire: Hunting sling     |       |       |       |       |   615 |   831 |   347 |     9 |     7 ||  1809
Throw: Javelin           |       |       |       |    23 |    40 |     3 |       |    38 |    21 ||   125
 Cast: Blink             |       |       |       |       |       |     7 |     3 |       |    15 ||    25
       Apportation       |       |       |       |       |       |       |    18 |     6 |     6 ||    30
       Regeneration      |       |       |       |       |       |       |     8 |     4 |   107 ||   119
       Aura of Abjuratio |       |       |       |       |       |       |       |       |    66 ||    66
       Control Undead    |       |       |       |       |       |       |       |       |     6 ||     6
       Deflect Missiles  |       |       |       |       |       |       |       |       |     5 ||     5
       Summon Demon      |       |       |       |       |       |       |       |       |     2 ||     2
Invok: Heroism           |       |     2 |     5 |    37 |    42 |    23 |    15 |    12 |     9 ||   145
       Finesse           |       |       |       |       |     2 |       |     2 |     2 |     1 ||     7
       Minor Destruction |       |       |       |       |       |       |       |       |     1 ||     1
 Abil: Blink             |       |       |       |       |     1 |       |       |       |       ||     1
Evoke: Wand              |       |       |       |     6 |       |     3 |       |       |     6 ||    15
  Use: Potion            |     1 |       |       |    12 |     7 |     6 |     4 |     6 |    86 ||   122
       Scroll            |       |     2 |       |    20 |    14 |    15 |     4 |    17 |    74 ||   146
 Stab: Sleeping          |       |       |     1 |       |       |       |       |     8 |    35 ||    44
       Confused          |       |       |       |       |     1 |       |     1 |       |       ||     2
       Distracted        |       |       |       |       |       |     3 |       |    24 |   153 ||   180
       Paralysed         |       |       |       |       |       |     2 |       |     3 |     1 ||     6
       Invisible         |       |       |       |       |       |       |       |       |     2 ||     2
  Eat: Chunk             |       |     4 |     7 |    22 |    65 |    41 |    52 |    45 |   107 ||   343
       Meat ration       |       |       |     1 |       |       |       |     1 |       |     8 ||    10
       Royal jelly       |       |       |       |     1 |     1 |       |     2 |     5 |    23 ||    32
       Fruit             |       |       |       |       |       |       |       |       |     5 ||     5
Armor: Scale mail        |    21 |       |       |       |       |    94 |       |       |       ||   115
       Ring mail         |       |    61 |    38 |       |       |       |       |       |       ||    99
       Chain mail        |       |       |    26 |   241 |    42 |       |       |       |       ||   309
       Plate armour      |       |       |       |       |   221 |   261 |       |       |       ||   482
       Pearl dragon scal |       |       |       |       |       |     4 |   445 |   203 |   378 ||  1030
       Crystal plate arm |       |       |       |       |       |       |       |       |  1827 ||  1827
Dodge: Dodged            |    22 |    49 |    98 |   210 |   385 |   421 |   828 |   604 |  2991 ||  5608
       Deflected         |       |       |       |       |       |       |       |       |    27 ||    27
Block: Shield            |    23 |    74 |   147 |   223 |       |       |    28 |       |       ||   495
       Buckler           |       |       |       |   177 |   409 |   467 |   662 |   442 |       ||  2157
       Large shield      |       |       |       |       |       |       |       |   270 |  9539 ||  9809
